 Dungeon Crawl Stone Soup version 0.31-a0-1467-g53b6572822 (webtiles) character file.

Game seed: 6337982423208837057

579955 Flugkiller the Slayer (level 27, -30/309 HPs)
             Began as an Oni Chaos Knight on Dec 28, 2023.
             Was a Favourite Plaything of Xom.
             Killed from afar by an electric golem (37 damage)
             ... with a bolt of lightning
             ... on level 5 of the Realm of Zot.
             The game lasted 02:08:12 (66824 turns).

Flugkiller the Slayer (Oni Chaos Knight)           Turns: 66824, Time: 02:08:13

Health: -30/309    AC: 35    Str: 44 (47) XL:     27
Magic:  38/38      EV: 10    Int: 11 (13) God:    Xom [...*..]
Gold:   8721       SH: 29    Dex: 13 (15) Spells: 23/38 levels left

rFire   + + +        b - +7 sceptre of Torment {pain, torment}
rCold   + + .        r - +2 tower shield of Idealism {^Drain Str+8}
rNeg    + + +        K - +9 gold dragon scales
rPois   ∞            e - +0 mask of the Dragon {Will+ Slay+3 SInv}
rElec   .            s - +1 cloak of Agnosticism {Rampage rPois rF+ Dex+2}
rCorr   .            (gloves unavailable)
SInv    +            (boots unavailable)
Will    ++++.        U - amulet of reflection Stlth
                     j - +4 ring of slaying
HPRegen 0.71/turn    M - ring of the Tortoise {AC+8}
MPRegen 0.26/turn

%: reflection, rampage
@: about to teleport, death-form, studying 2 skills
A: vile attack, torment immunity, no potions, large, unfitting armour, horns 1,
tough skin 1, double potion healing, drunken brawling, talons 1, large bone
plates 1, agile 2, clever 1, deformed body, deterioration 1, fire resistance 1,
high MP 2, strong 2, wild magic 1, inability to read after injury 2, MP-powered
wands, sturdy frame 1, persistent drain
}: 3/15 runes: decaying, silver, gossamer
a: Siphon Essence, Begin Untransformation, Renounce Religion


You were on level 5 of the Realm of Zot.
You worshipped Xom.
You were a favourite toy of Xom.
You were an undying horror.
You visited 9 branches of the dungeon, and saw 46 of its levels.
You visited the Abyss 1 time.
You also visited: Ossuary, Bailey, Gauntlet, Ice Cave and Wizlab.

You collected 10064 gold pieces.
You spent 1343 gold pieces at shops.

Inventory:

Hand Weapons
 a - the +10 eveningstar "Fupheule" {elec, *Rage rPois rF+ rN+}
   (You acquired it on level 1 of the Vaults)

   rF+:       It protects you from fire.
   rPois:     It protects you from poison rN+: It protects you from negative
   energy.
   *Rage:     It berserks you when you make melee attacks (+20% chance).
 b - the +7 sceptre of Torment (weapon) {pain, torment}
   (You took it off a vault sentinel on level 5 of the Vaults)
Missiles
 f - 16 curare-tipped darts
 J - 80 large rocks (quivered)
 O - 3 throwing nets
Armour
 e - the +0 mask of the Dragon (worn) {Will+ Slay+3 SInv}
   (You found it in a Gauntlet)

   Slay+3:    It affects your accuracy & damage with ranged weapons and melee
   (+3).
   Will+:     It increases your willpower.
   SInv:      It lets you see invisible.
 r - the +2 tower shield of Idealism (worn) {^Drain Str+8}
   (Xom gifted it to you on level 2 of the Spider Nest)

   Str+8:     It affects your strength (+8).
   ^Drain:    It drains your maximum health when unequipped.
 s - the +1 cloak of Agnosticism (worn) {Rampage rPois rF+ Dex+2}
   (You bought it in a shop on level 2 of the Orcish Mines)

   Dex+2:     It affects your dexterity (+2).
   rF+:       It protects you from fire.
   rPois:     It protects you from poison Rampage: It bestows one free step when
   moving towards enemies.
 u - the +5 moon troll leather armour {Spirit, Regen++ MP+5}
   (You took it off a moon troll in a wizard's laboratory)

   MP+5:      It affects your magic capacity (+5).
   Regen++:   It increases your rate of health regeneration.
 K - +9 gold dragon scales (worn)
   (You found it on level 1 of the Realm of Zot)
 Z - the +7 storm dragon scales of the Parsimonious Slorg {-Cast ^Drain rElec Regen+ Slay+5}
   (You found it on level 3 of the Depths)

   Slay+5:    It affects your accuracy & damage with ranged weapons and melee
   (+5).
   rElec:     It insulates you from electricity.
   -Cast:     It prevents spellcasting.
   Regen+:    It increases your rate of health regeneration.
   ^Drain:    It drains your maximum health when unequipped.
Jewellery
 c - a ring of protection from cold
   (You took it off a vault guard on level 5 of the Vaults)
 j - a +4 ring of slaying (left hand)
   (You found it on level 4 of the Depths)
 m - a ring of willpower
   (You took it off a minotaur in a Gauntlet)
 v - a +5 ring of evasion
   (You found it on level 3 of the Realm of Zot)
 M - the ring of the Tortoise (right hand) {AC+8}
   (You found it on level 15 of the Dungeon)

   [ring of protection]

   AC+8:      It affects your AC (+8).
 Q - the ring "Nupefam" {rF+ EV+5 Dex+2}
   (You took it off a vault guard on level 5 of the Vaults)

   [ring of evasion]

   EV+5:      It affects your evasion (+5).
   Dex+2:     It affects your dexterity (+2).
   rF+:       It protects you from fire.
 T - the ring "Ofyuducui" {rF+ Int+6 Dex+3}
   (You took it off a vault guard on level 5 of the Vaults)

   [ring of intelligence]

   Int+6:     It affects your intelligence (+6).
   Dex+3:     It affects your dexterity (+3).
   rF+:       It protects you from fire.
 U - an amulet of reflection (around neck)
   (You found it on level 13 of the Dungeon)
Talismans
 p - a talisman of death (active)
   (You found it on level 5 of the Vaults)
Wands
 l - a wand of mindburst (22)
   (You found it on level 4 of the Spider Nest)
 E - a wand of digging (32)
   (You found it on level 4 of the Lair of Beasts)
 N - a wand of charming (50)
   (You found it on level 1 of the Lair of Beasts)
 P - a wand of roots (67)
   (You took it off Harold on level 1 of the Lair of Beasts)
 X - a wand of quicksilver (45)
   (You found it on level 3 of the Lair of Beasts)
Scrolls
 g - a scroll of silence
 t - 8 scrolls of teleportation
 A - 11 scrolls of fog
 B - 8 scrolls of poison
 C - 12 scrolls of fear
 D - 3 scrolls of vulnerability
 I - 9 scrolls of immolation
 L - 2 scrolls of revelation
 S - 3 scrolls of summoning
Potions
 d - 5 potions of might
 h - 6 potions of haste
 i - 10 potions of brilliance
 n - 11 potions of resistance
 o - 11 potions of ambrosia
 q - 21 potions of curing
 w - 8 potions of heal wounds
 x - a potion of cancellation
 F - 5 potions of invisibility
 H - 3 potions of berserk rage
 V - 15 potions of mutation
 W - 2 potions of enlightenment
 Y - 5 potions of magic
Miscellaneous
 k - a phial of floods
   (You found it on level 5 of the Lair of Beasts)
 y - a phantom mirror
   (You found it on level 1 of the Lair of Beasts)
 G - a condenser vane
   (You found it on level 14 of the Dungeon)
 R - a box of beasts
   (You found it on level 5 of the Lair of Beasts)


   Skills:
 - Level 24.0 Fighting
 - Level 16.0 Maces & Flails
 - Level 16.0 Throwing
 + Level 15.6 Armour
 - Level 11.0 Dodging
 - Level 15.5 Shields
 - Level 6.0 Spellcasting
 - Level 11.0 Necromancy
 - Level 8.0 Ice Magic
 - Level 12.0 Evocations
 - Level 23.0 Shapeshifting


You had 23 spell levels left.
You knew the following spells:

 Your Spells              Type           Power      Damage    Failure   Level
a - Ozocubu's Armour      Ice            27%        N/A       24%         3
b - Fugue of the Fallen   Necr           35%        N/A       8%          3
c - Curse of Agony        Necr           35%        N/A       52%         5
d - Animate Dead          Necr           35%        N/A       24%         4

Your spell library contained the following spells:

 Spells                   Type           Power      Damage    Failure   Level
 Necrotise                Necr           100%       1d9       3%          1
 Vampiric Draining        Necr           35%        2d8       8%          3
 Ensorcelled Hibernation  Hex/Ice        30%        N/A       50%         2
 Apportation              Tloc           8%         N/A       88%         1
 Foxfire                  Conj/Fire      16%        2x1d4     88%         1
 Magic Dart               Conj           16%        1d3       88%         1
 Sandblast                Erth           8%         2d5       88%         1
 Shock                    Conj/Air       16%        1d4       88%         1
 Summon Small Mammal      Summ           16%        N/A       88%         1
 Anguish                  Hex/Necr       10%        N/A       89%         4
 Martyr's Knell           Necr/Summ      20%        N/A       89%         4
 Blink                    Tloc           8%         N/A       96%         2
 Call Imp                 Summ           8%         N/A       96%         2
 Jinxbite                 Hex            8%         N/A       96%         2
 Lesser Beckoning         Tloc           8%         N/A       96%         2
 Static Discharge         Conj/Air       8%         3-4/arc   96%         2
 Call Canine Familiar     Summ           4%         N/A       99%         3
 Confusing Touch          Hex            4%         N/A       99%         3
 Dazzling Flash           Conj/Hex       8%         N/A       99%         3
 Gell's Gravitas          Tloc           4%         N/A       99%         3
 Inner Flame              Hex/Fire       4%         N/A       99%         3
 Mephitic Cloud           Conj/Alch/Air  4%         N/A       99%         3
 Passwall                 Erth           4%         N/A       99%         3
 Stone Arrow              Conj/Erth      8%         3d7       99%         3
 Swiftness                Air            4%         N/A       99%         3
 Teleport Other           Tloc           4%         N/A       99%         3
 Borgnjor's Vile Clutch   Necr/Erth      10%        N/A       99%         5
 Airstrike                Air            2%         2d(1-17)  100%        4
 Animate Armour           Summ/Erth      8%         N/A       100%        4
 Brom's Barrelling Bould  Conj/Erth      4%         2d3       100%        4
 Cause Fear               Hex            2%         N/A       100%        4
 Flame Wave               Conj/Fire      4%         2d5       100%        4
 Fulminant Prism          Conj/Alch      2%         3d5       100%        4
 Manifold Assault         Tloc           4%         N/A       100%        4
 Olgreb's Toxic Radiance  Alch           4%         N/A       100%        4
 Passage of Golubria      Tloc           4%         N/A       100%        4
 Petrify                  Alch/Erth      4%         N/A       100%        4
 Sticky Flame             Fire/Alch      4%         2d4       100%        4
 Summon Blazeheart Golem  Fire/Summ      4%         N/A       100%        4
 Summon Lightning Spire   Summ/Air       4%         N/A       100%        4
 Vhi's Electric Charge    Tloc/Air       8%         N/A       100%        4
 Alistair's Intoxication  Alch           2%         N/A       100%        5
 Arcjolt                  Conj/Air       2%         1d12      100%        5
 Irradiate                Conj/Alch      2%         3d12      100%        5
 Iskenderun's Battlesphe  Conj           4%         2d6       100%        5
 Lee's Rapid Deconstruct  Erth           2%         3d4*      100%        5
 Metabolic Englaciation   Hex/Ice        7%         N/A       100%        5
 Silence                  Hex/Air        2%         N/A       100%        5
 Summon Forest            Summ/Tloc      2%         N/A       100%        5
 Summon Mana Viper        Hex/Summ       4%         N/A       100%        5
 Yara's Violent Unravell  Hex/Alch       2%         3d3       100%        5
 Bombard                  Conj/Erth      2%         9d1       100%        6
 Conjure Ball Lightning   Conj/Air       2%         3x3d6     100%        6
 Eringya's Noxious Bog    Alch           2%         4d6       100%        6
 Plasma Beam              Fire/Air       2%         2x1d12    100%        6
 Sculpt Simulacrum        Ice/Alch       7%         N/A       100%        6
 Starburst                Conj/Fire      2%         6d3       100%        6
 Summon Cactus Giant      Summ           2%         N/A       100%        6
 Enfeeble                 Hex            2%         N/A       100%        7
 Haunt                    Necr/Summ      10%        N/A       100%        7
 Orb of Destruction       Conj           2%         9d5       100%        7
 Ozocubu's Refrigeration  Ice            13%        4d10      100%        7
 Spellforged Servitor     Conj/Summ      2%         N/A       100%        7
 Borgnjor's Revivificati  Necr           17%        N/A       100%        8
 Ignition                 Fire           2%         3d3       100%        8
 Infestation              Necr           17%        N/A       100%        8
 Lehudib's Crystal Spear  Conj/Erth      2%         10d2      100%        8
 Maxwell's Capacitive Co  Air            2%         ∞         100%        8
 Chain Lightning          Conj/Air       2%         3d2       100%        9
 Death's Door             Necr           17%        N/A       100%        9
 Fire Storm               Conj/Fire      2%         8d1       100%        9
 Polar Vortex             Ice            13%        12d1*     100%        9
 Shatter                  Erth           2%         3d6*      100%        9


Dungeon Overview and Level Annotations

Branches:
Dungeon (15/15) Zot: 23257  Temple (0/1) D:5            Lair (5/5) D:8 Zot: 23336
  Swamp (4/4) Lair:2 Zot: 18406  Spider (4/4) Lair:3 Zot: 19708   Slime (0/5) Lair:5
    Orc (2/2) D:9 Zot: 9696     Elf (2/3) Orc:2 Zot: 9951  Vaults (5/5) D:13 Zot: 21791
 Depths (4/4) D:15 Zot: 17650     Zot (5/5) Depths:4 Zot: 23491 Ossuary (visited)
 Bailey (visited)           IceCv (visited)          WizLab (visited)
Gauntlet (visited)
  Crypt: Vaults:2-3

Altars:
Cheibriados
Dithmenos
Fedhas
Gozag
Hepliaklqana
Kikubaaqudgha
Nemelex Xobeh
Okawaru
Qazlal
Sif Muna
Xom
Yredelemnul
Jiyva

Shops:
D:1 [   D:4 [   D:9 (   D:10 *   Orc:2 ?*:[   Elf:2 :   Vaults:1 !   Vaults:3 [
Vaults:4 (!   Depths:3 *

Portals:
Hell: Depths:1 Depths:2 Depths:3 Depths:4
Abyss: Depths:2 Depths:3
Pandemonium: Orc:2 Depths:2
Ziggurat: Depths:1

Annotations:
D:6 Jeremiah
D:8 1 runed translucent door, jt's ghost, novice TrWr
D:9 2 transporters, Dirian's ghost, novice TrSh
Lair:3 2 transporters, BigAl98's ghost, journeyman FoFi
Orc:1 1 runed translucent door
Elf:1 3 runed translucent doors


Innate Abilities, Weirdness & Mutations

You are an undying horror.
Your melee and unarmed attacks drain, slow and weaken victims.
You are immune to unholy pain and torment.
You cannot drink.
You are immune to poison.
You are too large for most types of armour.
You have a pair of small horns on your head.
You have tough skin. (AC +1)
You gain doubled healing and magic from potions.
Whenever you drink a healing potion, you attack all around you.
You have sharp toenails.
You are partially covered in large bone plates. (SH +4)
You are very agile. (Dex +8, Str/Int -2)
Your mind is acute. (Int +4, Str/Dex -1)
Armour fits poorly on your strangely shaped body.
Your body sometimes deteriorates upon taking damage.
Your flesh is heat resistant. (rF+)
You have a considerably increased reservoir of magic. (+20% MP)
Your muscles are very strong. (Str +8, Int/Dex -2)
Your spells are a little harder to cast, but a little more powerful.
You sometimes lose the ability to read scrolls when taking damage.
You expend magic power (3 MP) to strengthen your wands.
Your movements are slightly less encumbered by armour. (ER -2)
Your health recovers twice as slowly from being drained.


Message History

Unknown command.
You skewer the quicksilver dragon like a kebab!!!
The white draconian convulses!
The Orb Guardian convulses!
The green draconian convulses!
The Killer Klown convulses!
The green draconian convulses!
The storm dragon convulses! x2
You kill the quicksilver dragon!
The quicksilver dragon scales are intact enough to wear.
The orb of fire emits a lurid red light.
The fireball explodes!
The fireball engulfs you. You resist.
The fireball engulfs the orb of fire.
The orb of fire completely resists.
The fireball engulfs the orb of fire.
The orb of fire completely resists.
The fireball engulfs the orb of fire.
The orb of fire completely resists.
The orb of fire glows yellow.
Strange energies course through your body.
Your body decomposes!
You feel clumsy.
The dread lich gestures wildly while chanting.
The orb of fire emits a lurid red light.
The bolt of fire misses the orb of fire.
The bolt of fire hits the orb of fire.
The orb of fire completely resists.
The bolt of fire misses you.
Unknown command.
As you read the scroll of teleportation, it crumbles to dust.
You feel strangely unstable.
You feel the Orb delaying your translocation!
The orb of fire emits a lurid red light.
Strange energies course through your body.
Your body decomposes!
You feel clumsy.
The electric golem crackles and sizzles.
You block the electric golem's attack. x4
You hear a loud "Zot"!
The dread lich mumbles some strange words.
The dread lich flickers and vanishes for a moment.
Unknown command.
Unknown command.
Unknown command.
You bludgeon the electric golem!! You claw the electric golem.
You headbutt the electric golem!
The electric golem is moderately damaged.
You block the electric golem's attack. x4
The storm dragon fails to trigger a net trap.
The electric golem barely misses you. The electric golem hits you.
The electric golem shocks you!!
* * * LOW HITPOINT WARNING * * *
The electric golem hits you.
* * * LOW HITPOINT WARNING * * *
The electric golem hits you but does no damage.
Unknown command.
You impale the electric golem!! Your kick misses the electric golem.
Your headbutt misses the electric golem.
The electric golem is heavily damaged.
The electric golem blinks!
The orb of fire glows yellow.
Strange energies course through your body.
Your body decomposes!
You feel weakened.
The orb of fire glows deep purple.
The bolt of fire hits the orb of fire.
The orb of fire completely resists.
The bolt of fire hits you! You resist.
* * * LOW HITPOINT WARNING * * *
Blink to where?
Press: ? - help, Dir - move target
As you read the scroll of blinking, it crumbles to dust.
The orb of fire glows yellow.
Strange energies course through your body.
Your body decomposes!
You feel dopey.
The storm dragon breathes lightning at you.
The bolt of lightning hits the storm dragon.
The storm dragon completely resists.
The bolt of lightning hits the electric golem.
The electric golem completely resists.
The bolt of lightning hits you!!
* * * LOW HITPOINT WARNING * * *
The ancient lich casts a spell.
The ancient lich flickers and vanishes for a moment.
The green draconian breathes poison at you.
The blast of poison engulfs you but does no damage.
You resist.
The electric golem hurls lightning at you.
The bolt of lightning hits you!!
* * * LOW HITPOINT WARNING * * *
Xom thinks this is hilarious!
The bolt of lightning misses you.
The bolt of lightning hits the electric golem.
The electric golem completely resists.
Unknown command.
Blink to where?
Press: ? - help, Dir - move target
As you read the scroll of blinking, it crumbles to dust.
Unknown command.
The electric golem blinks!
The electric golem hurls lightning at you.
The bolt of lightning hits you!!
* * * LOW HITPOINT WARNING * * *
Xom roars with laughter!
The electric golem hurls lightning at you.
The bolt of lightning hits you!!!
You die...
Xom chuckles heartily!

*##...^,,,,,,,,^,,,,,,**
*#....##........X.......#
#########...###..................
......^....#*#.............^.....
..........## #..............^Dd1.
..........# #..^....^........L.d
.........## #..............D.X**
.........# #.......9.......d*p§
.........## #..z.........^.☼.L**
..........# ##.........°○.☼§...[
..........#* ##.......§°○☼○....#
..........)# ##.........☼○...##
###.########▓▓▓▓################
........# ##.#...#............#
..#.....# #..#...#....##......#
........###......#....##......#
#...##..##..#....#...###......#


You could see an electric golem.

Vanquished Creatures
  The ghost of Kamets Paeg the Pyromancer, a master HuCj of Ashenzari (Vaults:4)
  Frederick (Vaults:4)
  3 dread liches
  3 ancient liches
  2 orbs of fire (Zot:1)
  A juggernaut (Depths:3)
  Vv (Depths:4)
  Sojobo (Depths:4)
  Xtahua (Depths:4)
  2 Killer Klowns
  2 curse toes
  Margery (Vaults:5)
  Norris (Vaults:2)
  The ghost of Fubrub the Fetichist, a veteran GnWr of Ashenzari (Vaults:4)
  9 golden dragons
  Nikola (Depths:1)
  7 caustic shrikes
  The ghost of Nitziur the Eclecticist, an adept DrCj of Vehumet (Vaults:4)
  3 electric golems
  A hellephant (Vaults:5)
  19 tentacled monstrosities
  Jorgrun (Orc:1)
  A walking earthen tome (Depths:3)
  9 Orb Guardians (Zot:5)
  2 liches
  5 titans
  Asterion (Vaults:2)
  A moon troll (WizLab)
  9 quicksilver dragons
  A deep elf blademaster (Elf:2)
  A deep elf master archer (Elf:1)
  3 sphinxes
  Gastronok (Lair:1)
  8 death cobs
  17 shadow dragons
  10 tentacled starspawn (WizLab)
  A thorn hunter (Swamp:4)
  Aizul (Spider:1)
  Kirke (D:15)
  13 storm dragons
  10 tengu reavers
  7 frost giants
  The ghost of Gorgor the Fighter, a journeyman MiFi of Okawaru (Elf:1)
  6 protean progenitors
  3 draconian monks
  4 draconian knights
  6 draconian scorchers
  15 fire giants
  3 draconian shifters
  16 vault wardens
  2 fenstrider witches
  The ghost of PanSaczeczos the Metamorph, a journeyman MfSh of Trog (Orc:1)
  A reaper (Gauntlet)
  A deep elf sorcerer (Vaults:5)
  An iron dragon (D:15)
  8 emperor scorpions
  Louise (Spider:1)
  4 draconian stormcallers (Depths:4)
  5 spectral caustic shrikes
  6 ghost moths
  A cacodemon (WizLab)
  2 formless jellyfish
  22 very ugly things
  17 ironbound preservers
  2 ironbound thunderhulks
  4 draconian annihilators
  3 broodmothers
  A spriggan defender (Depths:2)
  19 stone giants
  2 ghouls (Swamp:4)
  7 green draconians
  3 deep elf demonologists
  8 vampire knights
  14 dire elephants
  3 red draconians
  4 deep elf death magi
  6 bunyips
  10 yellow draconians
  6 eleionomae
  2 minotaurs (Elf:1)
  Snorg (D:12)
  6 black draconians
  8 purple draconians
  6 war gargoyles
  An eidolon (Vaults:3)
  3 spark wasps
  13 white draconians
  6 ettins
  2 blizzard demons (IceCv)
  Josephine (Swamp:1)
  5 crystal guardians
  11 fire dragons
  A merfolk impaler (Depths:2)
  5 shambling mangroves (Swamp:4)
  3 deep elf high priests (Vaults:5)
  6 entropy weavers
  7 yaktaur captains
  11 rakshasas
  9 great orbs of eyes
  35 vault guards
  Harold (Lair:1)
  9 ice dragons
  5 peacekeepers
  11 hydras
  5 ogre magi
  7 jorogumos
  4 spriggan air magi
  2 demonspawn (Orc:2)
  A caustic shrike simulacrum (IceCv)
  15 ironbound frosthearts
  A merfolk avatar (Lair:5)
  10 alligators
  7 radroaches
  6 deep troll earth magi
  21 dancing weapons
  19 centaur warriors
  12 boulder beetles
  Erica (Orc:1)
  8 tengu warriors
  10 two-headed ogres
  8 demonic crawlers
  A naga warrior (Elf:1)
  3 death yaks (Lair:4)
  Urug (Lair:4)
  5 deep troll shamans
  2 occultists
  2 orc high priests (Orc:2)
  4 spriggan berserkers
  2 hell knights (Vaults:5)
  2 wretched stars (WizLab)
  Amaemon (Lair:1)
  3 sun demons
  A soul eater (Vaults:3)
  17 deep elf knights (Elf:2)
  5 skysharks
  A death drake (Vaults:5)
  A sixfirhy (Depths:2)
  5 skeletal warriors (D:15)
  3 pharaoh ants
  4 goliath frogs (Swamp:1)
  7 spriggan druids
  A sea snake (shapeshifter) (Depths:3)
  12 iron trolls
  10 glowing orange brains
  4 large abominations (Depths:2)
  2 sea snakes (Lair:5)
  4 sun moths
  An orange crystal statue (WizLab)
  11 orb spiders
  45 deep trolls
  3 bog bodies
  2 flayed ghosts (Depths:3)
  An obsidian statue (IceCv)
  4 arcanists
  9 phantasmal warriors
  9 spriggan simulacra
  7 orc knights
  13 deep elf pyromancers
  3 spectral hydras (Swamp:4)
  11 lindwurms
  8 steelbarb worms
  14 deep elf archers
  17 ironbound convokers
  9 swamp dragons
  A harpy (Lair:5)
  6 necromancers
  3 oklob plants (Swamp:4)
  26 wolf spiders
  23 ugly things
  4 cyclopes
  8 orc sorcerers (Orc:2)
  16 deep elf zephyrmancers
  4 will-o-the-wisps
  Maurice (D:12)
  4 manticores
  A salamander (shapeshifter) (D:15)
  A shining eye (shapeshifter) (Vaults:5)
  29 moths of wrath
  9 meliai
  7 elephants
  An eye of devastation (shapeshifter) (Depths:3)
  2 moths of wrath (shapeshifter)
  19 vault sentinels
  6 black mambas
  3 rust devils (D:12)
  2 smoke demons (Orc:2)
  5 torpor snails
  6 eyes of devastation
  An orange demon (Lair:1)
  14 cane toads
  3 rime drakes
  2 kobold demonologists
  24 yaktaurs
  3 unseen horrors
  7 komodo dragons
  6 freezing wraiths
  8 tengu conjurers
  11 ice devils
  An efreet (D:14)
  3 anaconda simulacra (IceCv)
  3 hydra zombies (Swamp:4)
  A wind drake (Lair:5)
  A wind drake (shapeshifter) (Orc:2)
  A death drake zombie (Swamp:4)
  9 polar bears
  2 golden dragon simulacra (IceCv)
  2 hellwings
  A tarantella (shapeshifter) (Vaults:5)
  A queen bee (shapeshifter) (Elf:2)
  6 trolls
  10 tyrant leeches
  2 alligator simulacra (IceCv)
  29 hornets
  Prince Ribbit (D:6)
  A raiju (shapeshifter) (D:15)
  25 dream sheep
  25 tarantellas
  22 blink frogs
  A snapping turtle (Lair:5)
  A dream sheep (shapeshifter) (Spider:2)
  A glass eye (Depths:1)
  25 slime creatures
  5 centaur simulacra
  21 culicivoras
  19 jumping spiders
  4 water elementals
  4 wraiths
  2 vampires
  22 spriggans
  A spriggan (shapeshifter) (D:15)
  A ynoxinul (D:12)
  6 wyverns
  A shadow (D:9)
  37 yaks
  4 dire elephant simulacra (Spider:2)
  A fire elemental (Elf:2)
  2 basilisks
  2 golden eyes (WizLab)
  14 humans (D:13)
  4 wargs
  4 hogs (D:15)
  9 minotaur simulacra
  59 redbacks
  A golden eye (shapeshifter) (Vaults:5)
  Grum (D:10)
  A chaos spawn (Depths:2)
  3 neqoxecs
  22 vampire mosquitoes
  20 swamp worms
  A harpy simulacrum (IceCv)
  4 hydra simulacra
  15 water moccasins
  3 acid dragons
  32 orc warriors
  4 swamp drakes (Swamp:4)
  An ice beast (D:5)
  A meliai simulacrum (Gauntlet)
  8 small abominations (Depths:2)
  A sky beast (D:8)
  4 swamp dragon zombies (Swamp:4)
  14 ogres
  A black bear (D:7)
  6 boggarts
  8 centaurs
  20 wolves
  A swamp dragon skeleton (Swamp:4)
  27 starcursed masses (WizLab)
  A lemure (D:9)
  2 phantoms
  A weeping skull (Ossuary)
  12 bullfrogs
  An elf zombie (D:4)
  A kobold brigand (D:9)
  11 deep troll simulacra
  An elf skeleton (D:4)
  5 scorpions
  An earth elemental (Elf:1)
  10 wights
  A hornet simulacrum (Gauntlet)
  7 killer bees
  2 lindwurm simulacra (IceCv)
  A bombardier beetle (D:6)
  An electric eel (Spider:2)
  2 howler monkeys
  A centaur skeleton (Ossuary)
  21 orc priests
  3 hounds
  A jelly (D:5)
  2 sleepcaps
  A spectral scorpion (Ossuary)
  5 iguanas
  4 hell rats (Lair:3)
  19 orc wizards
  2 human skeletons (D:4)
  2 ogre skeletons (Ossuary)
  11 mummies (Ossuary)
  4 gnolls
  12 adders
  2 river rats
  A shadow imp (D:8)
  2 white imps
  2 ufetubi (D:6)
  A worm (D:1)
  2 dart slugs
  67 orcs
  12 endoplasms
  6 giant cockroaches
  7 goblins
  5 hobgoblins
  5 jackals
  18 kobolds
  4 quokkas
  8 ball pythons
  3 bats
  12 frilled lizards
  A gnoll skeleton (Ossuary)
  3 kobold skeletons (Ossuary)
  An orc skeleton (Ossuary)
  2 orc zombies (D:4)
  5 rats
  10 spectral rats (Ossuary)
  4 aspiring fleshes (Zot:2)
  4 starspawn tentacles (WizLab)
2154 creatures vanquished.

Vanquished Creatures (collateral kills)
  An emperor scorpion (Spider:4)
  A ghost moth (Zot:4)
  A frost giant (Depths:2)
  An iron dragon (Vaults:5)
  A minotaur (Gauntlet)
  A dire elephant (Vaults:1)
  An entropy weaver (Vaults:1)
  A yaktaur captain (Vaults:5)
  A rakshasa (Depths:1)
  2 two-headed ogres (D:15)
  3 centaur warriors (Vaults:1)
  A boulder beetle (Vaults:1)
  2 deep trolls (Depths:2)
  A deep elf archer (Elf:2)
  Pikel (D:9)
  A deep elf zephyrmancer (Elf:2)
  2 ugly things (Depths:1)
  2 moths of wrath (Zot:4)
  A blink frog (Lair:5)
  A glass eye (shapeshifter) (Vaults:5)
  A jumping spider (Spider:4)
  5 yaks
  A water moccasin (Lair:1)
  An orc priest (D:5)
  A kobold (D:11)
35 creatures vanquished.

Vanquished Creatures (others)
  A storm dragon (Zot:1)
  A dancing weapon (D:15)
  2 deep elf knights (Elf:2)
  A goliath frog (Swamp:1)
  A deep elf archer (Elf:2)
  A spriggan druid (Swamp:4)
  3 centaur zombies (Vaults:1)
  3 dire elephant zombies (Vaults:1)
  A spriggan zombie (Depths:1)
  5 bloated husks
  A jumping spider zombie (Spider:4)
  A dream sheep (Lair:3)
  A slime creature zombie (Vaults:1)
  3 elf zombies (Elf:2)
  A redback (D:15)
  A human (D:15)
  A water moccasin (Lair:3)
  A swamp drake (Swamp:1)
  A human zombie (Vaults:1)
  A hornet zombie (Depths:1)
  A bullfrog (D:8)
  An orc (D:11)
  11 foxfires
  15 starspawn tentacles (WizLab)
59 creatures vanquished.

Grand Total: 2248 creatures vanquished

Notes
Turn   | Place    | Note
-------+----------+-------------------------------------------
     0 | D:1      | Flugkiller the Oni Chaos Knight began the quest for the
                  | Orb.
     0 | D:1      | Reached XP level 1. HP: 24/24 MP: 1/1
   130 | D:1      | Reached XP level 2. HP: 32/33 MP: 2/2
   152 | D:1      | Found Dis Pygh's Antique Armour Boutique.
   303 | D:1      | XOM: silly message
   667 | D:2      | Reached XP level 3. HP: 40/40 MP: 3/3
   685 | D:2      | Identified the +5 short sword of the Protecting Wolf
                  | {heavy, rPois Dex-4 SInv Stlth+}
   723 | D:2      | Reached skill level 5 in Fighting
   755 | D:2      | Reached XP level 4. HP: 27/52 MP: 4/4
   763 | D:2      | XOM is BORED!
   763 | D:2      | XOM: silly message
   959 | D:2      | XOM: give mutations
   959 | D:2      | Gained mutation: You have large cloven feet. [Xom's
                  | mischief]
   959 | D:2      | Gained mutation: You are strong-willed. (Will+) [Xom's
                  | mischief]
   959 | D:2      | Gained mutation: You are weak. (Str -2) [Xom's mischief]
  1118 | D:2      | Found a shimmering altar of Xom.
  1157 | D:2      | Reached skill level 6 in Fighting
  1594 | D:2      | XOM: god gift: scroll labelled TATOHY TURACS {god gift}
  1794 | D:2      | XOM is BORED!
  1824 | D:2      | XOM: silly message
  1979 | D:3      | XOM: divination: magic mapping
  1985 | D:3      | Reached XP level 5. HP: 61/61 MP: 5/5
  2314 | D:3      | Reached skill level 7 in Fighting
  2763 | D:4      | Found a sand-covered staircase.
  2764 | D:4      | XOM: fog
  2774 | Ossuary  | Entered an ossuary
  2826 | Ossuary  | Reached skill level 8 in Fighting
  2826 | Ossuary  | Reached XP level 6. HP: 65/72 MP: 6/6
  2883 | Ossuary  | XOM: divination: detect items
  3000 | Ossuary  | XOM: cast spell 'Olgreb's Toxic Radiance'
  3010 | Ossuary  | Reached skill level 5 in Maces & Flails
  3026 | Ossuary  | XOM: cloud trail
  3121 | Ossuary  | XOM: 10-stop teleportation journey
  3125 | Ossuary  | XOM: silly message
  3129 | Ossuary  | XOM: noise
  3133 | Ossuary  | Reached XP level 7. HP: 65/80 MP: 7/7
  3300 | Ossuary  | XOM: silly message
  3553 | D:4      | XOM: enchant monster (bad)
  3626 | D:4      | XOM: summons friendly quasit
  3640 | D:4      | Reached skill level 9 in Fighting
  3685 | D:4      | XOM: give mutation
  3685 | D:4      | Gained mutation: You have a pair of horns on your head.
                  | [Xom's grace]
  3687 | D:4      | XOM: scenery: summon butterflies
  3733 | D:4      | XOM: cloud trail
  4005 | D:4      | Found Isanas's Antique Armour Shoppe.
  4108 | D:4      | XOM: potion effect (brilliance)
  4132 | D:4      | XOM: cloud trail
  4181 | D:4      | XOM: god gift: 15 gold pieces
  4355 | D:4      | XOM: cloud trail
  4518 | D:5      | Entered Level 5 of the Dungeon
  4704 | D:5      | Reached XP level 8. HP: 93/93 MP: 8/8
  4704 | D:5      | XOM: divination: magic mapping
  4709 | D:5      | Reached skill level 10 in Fighting
  4757 | D:5      | XOM: summons friendly quasit
  5145 | D:5      | XOM: give mutations
  5145 | D:5      | Gained mutation: You have sharp fingernails. [Xom's
                  | mischief]
  5145 | D:5      | Gained mutation: You occasionally lose the ability to read
                  | scrolls when taking damage. [Xom's mischief]
  5145 | D:5      | Gained mutation: You are robust. (+10% HP) [Xom's mischief]
  5145 | D:5      | Lost mutation: You have sharp fingernails. [Xom's mischief]
  5204 | D:5      | XOM: cloud trail
  5487 | D:5      | Found a staircase to the Ecumenical Temple.
  5895 | D:5      | Lost mutation: You are strong-willed. (Will+) [potion of
                  | mutation]
  5895 | D:5      | Lost mutation: You have large cloven feet. [potion of
                  | mutation]
  5895 | D:5      | Lost mutation: You occasionally lose the ability to read
                  | scrolls when taking damage. [potion of mutation]
  5895 | D:5      | Lost mutation: You have a pair of horns on your head.
                  | [potion of mutation]
  5895 | D:5      | Gained mutation: You passively dampen the noise of your
                  | surroundings. [potion of mutation]
  5975 | D:6      | XOM: enchant monster (bad)
  5993 | D:6      | XOM: silly message
  5997 | D:6      | XOM: give mutations
  5997 | D:6      | Lost mutation: You are robust. (+10% HP) [Xom's mischief]
  5997 | D:6      | Lost mutation: You are weak. (Str -2) [Xom's mischief]
  6113 | D:6      | Noticed Jeremiah
  6113 | D:6      | XOM: enchant monster (good)
  6302 | D:6      | Noticed Prince Ribbit
  6313 | D:6      | XOM: confuse monster(s)
  6319 | D:6      | Killed Prince Ribbit
  6320 | D:6      | Reached XP level 9. HP: 75/102 MP: 9/9
  6371 | D:6      | XOM: 6-stop teleportation journey
  6432 | D:6      | Reached skill level 5 in Shields
  6466 | D:6      | XOM: 2-stop teleportation journey
  6821 | D:6      | Reached skill level 1 in Spellcasting
  7094 | D:7      | XOM: blink monster(s)
  7096 | D:7      | XOM: noise
  7103 | D:7      | XOM: smoke on damage
  7110 | D:7      | Reached skill level 11 in Fighting
  7348 | D:7      | XOM: noise
  7937 | D:7      | XOM: confusion (+ monsters)
  7940 | D:7      | XOM: cleaving
  7947 | D:7      | XOM: give mutation
  7947 | D:7      | Gained mutation: You occasionally lose the ability to read
                  | scrolls when taking damage. [Xom's mischief]
  8031 | D:7      | XOM: give mutations
  8031 | D:7      | Gained mutation: Your muscles are strong. (Str +4, Int/Dex
                  | -1) [Xom's mischief]
  8031 | D:7      | Lost mutation: You passively dampen the noise of your
                  | surroundings. [Xom's mischief]
  8031 | D:7      | Gained mutation: You are somewhat resistant to further
                  | mutation. [Xom's mischief]
  8034 | D:7      | XOM: give mutations
  8034 | D:7      | Gained mutation: You are somewhat resistant to both further
                  | mutation and mutation removal. [Xom's mischief]
  8034 | D:7      | Gained mutation: Your magical capacity is low. (-10% MP)
                  | [Xom's mischief]
  8045 | D:7      | XOM: scenery: summon butterflies
  8120 | D:7      | XOM is BORED!
  8225 | D:8      | Found a staircase to the Lair.
  8230 | D:8      | XOM: 1-stop teleportation journey
  8250 | D:8      | XOM: fog
  8284 | D:8      | XOM: repel stairs
  8288 | D:8      | XOM: enchant monster (bad)
  8292 | D:8      | XOM: smoke on damage
  8294 | D:8      | XOM: swap monsters
  8296 | D:8      | XOM: divine lightning
  8372 | D:7      | XOM: summons 5 hostile demons
  8373 | D:7      | Noticed a smoke demon
  8403 | D:8      | XOM: summons 1 hostile demon
  8417 | D:8      | Reached XP level 10. HP: 22/113 MP: 12/12
  8480 | D:8      | XOM: summons 2 hostile demons
  8506 | D:8      | XOM: 4-stop teleportation journey
  8653 | D:8      | XOM: noise
  8758 | D:8      | Found an opulent altar of Gozag.
  8759 | D:8      | Found a stormy altar of Qazlal.
  8803 | D:8      | XOM: 1-stop teleportation journey
  8888 | D:8      | Reached skill level 10 in Maces & Flails
  9073 | D:8      | Found a hazy altar of Hepliaklqana.
  9102 | D:8      | Found a basalt altar of Yredelemnul.
  9129 | D:8      | XOM: draining
  9411 | D:8      | XOM: chaos upgrade
  9552 | D:8      | Found a runed translucent door.
  9555 | D:8      | Noticed jt's ghost (novice TrWr)
  9559 | D:8      | Identified the +10 trident "Maage" {flame, rElec rF+ rC+
                  | Int-5}
  9710 | D:9      | Found a transporter.
  9746 | D:9      | XOM: cloud trail
  9767 | D:9      | XOM: potion effect (invisibility)
  9838 | D:9      | XOM: summons 10 friendly demons
  9850 | D:9      | XOM: summons friendly iron imp
 10023 | D:9      | Noticed Pikel
 10037 | D:9      | Killed Pikel
 10061 | D:9      | Found a flagged portal.
 10073 | Bailey   | Entered a bailey
 10199 | Bailey   | XOM: swap monsters
 10467 | Bailey   | Noticed a two-headed ogre
 10508 | D:9      | Found a staircase to the Orcish Mines.
 10508 | D:9      | Found Xufeph's Weapon Emporium.
 10598 | D:9      | XOM: give mutations
 10598 | D:9      | Gained mutation: You are almost entirely resistant to
                  | further mutation and mutation removal. [Xom's grace]
 10598 | D:9      | Gained mutation: You have large cloven feet. [Xom's grace]
 10598 | D:9      | Gained mutation: You have hoof-like feet. [Xom's grace]
 10662 | D:9      | Found a transporter.
 10662 | D:9      | Noticed a two-headed ogre
 10663 | D:9      | Noticed Dirian's ghost (novice TrSh)
 10664 | D:9      | Noticed a two-headed ogre
 10664 | D:9      | Noticed a two-headed ogre
 10665 | D:9      | Noticed a two-headed ogre
 10666 | D:9      | Noticed a two-headed ogre
 11195 | D:9      | XOM: give mutations
 11195 | D:9      | Gained mutation: You have hooves in place of feet. [Xom's
                  | grace]
 11195 | D:9      | Gained mutation: You have very sharp teeth. [Xom's grace]
 11195 | D:9      | Gained mutation: A frigid envelope surrounds you and
                  | freezes all who hurt you. [Xom's grace]
 11236 | D:10     | Entered Level 10 of the Dungeon
 11278 | D:10     | Found Teguyt's General Store.
 11340 | D:10     | Reached XP level 11. HP: 107/118 MP: 11/13
 11370 | D:10     | Noticed Grum
 11379 | D:10     | XOM: smoke on damage
 11394 | D:10     | Killed Grum
 11588 | D:9      | XOM: god gift: 6 curare-tipped darts
 11853 | D:11     | Noticed a two-headed ogre
 11854 | D:11     | XOM: enchant monster (bad)
 11960 | D:11     | Killed a two-headed ogre
 12056 | D:11     | Noticed a two-headed ogre
 12082 | D:11     | Killed a two-headed ogre
 12083 | D:11     | Reached skill level 1 in Shapeshifting
 12083 | D:11     | XOM: summons 9 friendly demons
 12232 | D:11     | XOM: destruction
 12352 | D:11     | XOM is BORED!
 12660 | Lair:1   | Entered Level 1 of the Lair of Beasts
 12714 | Lair:1   | XOM: scenery: create altars
 12723 | Lair:1   | Reached skill level 12 in Fighting
 12831 | Lair:1   | XOM: summons 11 friendly demons
 12840 | Lair:1   | XOM: destruction
 12857 | Lair:1   | XOM: potion effect (attraction)
 12858 | Lair:1   | XOM: potion effect (brilliance)
 12894 | Lair:1   | XOM: silly message
 13003 | Lair:1   | XOM: divination: detect items
 13009 | Lair:1   | XOM: enchant monster (bad)
 13218 | Lair:1   | XOM: divination: detect creatures
 13234 | Lair:1   | Reached skill level 13 in Fighting
 13282 | Lair:1   | Noticed Amaemon
 13285 | Lair:1   | XOM: potion effect (invisibility)
 13288 | Lair:1   | Noticed Gastronok
 13288 | Lair:1   | Noticed Harold
 13289 | Lair:1   | XOM: divination: detect items
 13293 | Lair:1   | XOM: cast spell 'Summon Ice Beast'
 13294 | Lair:1   | XOM: summons 2 friendly demons
 13299 | Lair:1   | Killed Amaemon
 13300 | Lair:1   | Reached skill level 5 in Shapeshifting
 13300 | Lair:1   | Reached XP level 12. HP: 116/136 MP: 14/14
 13309 | Lair:1   | XOM: enchant monster (bad)
 13316 | Lair:1   | Killed Gastronok
 13316 | Lair:1   | Noticed a boulder beetle
 13318 | Lair:1   | XOM: noise
 13322 | Lair:1   | Killed Harold
 13337 | Lair:1   | Reached skill level 14 in Fighting
 13347 | Lair:1   | XOM: summons 4 hostile shadow creatures
 13666 | Lair:1   | XOM: give mutations
 13666 | Lair:1   | Lost mutation: A frigid envelope surrounds you and freezes
                  | all who hurt you. [Xom's mischief]
 13666 | Lair:1   | Lost mutation: You are almost entirely resistant to further
                  | mutation and mutation removal. [Xom's mischief]
 13666 | Lair:1   | Lost mutation: Your magical capacity is low. (-10% MP)
                  | [Xom's mischief]
 13666 | Lair:1   | Lost mutation: You have very sharp teeth. [Xom's mischief]
 13703 | Lair:1   | XOM: blink monster(s)
 13804 | Lair:1   | Killed a boulder beetle
 14044 | Lair:1   | XOM: potion effect (invisibility)
 14068 | Lair:1   | XOM: enchant monster (bad)
 14294 | Lair:2   | Noticed a skyshark
 14303 | Lair:2   | Killed a skyshark
 14305 | Lair:2   | XOM: silly message
 14309 | Lair:2   | XOM: snakes to sticks
 14328 | Lair:2   | Reached skill level 1 in Evocations
 14424 | Lair:2   | Identified the +4 dagger "Ultimatum" {freeze, Int+3}
 14445 | Lair:2   | Identified the +2 robe of Purpose {-Cast rElec rC- Regen+}
 14502 | Lair:2   | XOM: polymorph cane toad -> moth of wrath
 14552 | Lair:2   | XOM: polymorph dream sheep -> cyclops
 14701 | Lair:2   | XOM: swap monsters
 14704 | Lair:2   | XOM: god gift: scroll of blinking
 14749 | Lair:2   | XOM: draining
 14753 | Lair:2   | XOM: 3-stop teleportation journey
 14766 | Lair:2   | Reached XP level 13. HP: 109/131 MP: 12/17
 15008 | Lair:2   | Found a staircase to the Swamp.
 15026 | Lair:2   | XOM: god gift: knobbly bronze ring {god gift}
 15035 | Lair:2   | XOM: swap monsters
 15140 | Lair:3   | Found a hole to the Spider Nest.
 15169 | Lair:3   | XOM: confusion
 15170 | Lair:3   | XOM: give mutations
 15170 | Lair:3   | Gained mutation: Armour fits poorly on your strangely
                  | shaped body. [Xom's mischief]
 15170 | Lair:3   | Gained mutation: Your muscles are very strong. (Str +8,
                  | Int/Dex -2) [Xom's mischief]
 15170 | Lair:3   | Lost mutation: You are somewhat resistant to both further
                  | mutation and mutation removal. [Xom's mischief]
 15170 | Lair:3   | Lost mutation: You occasionally lose the ability to read
                  | scrolls when taking damage. [Xom's mischief]
 15229 | Lair:3   | XOM: scenery: 3 doors open
 15237 | Lair:3   | XOM: summons friendly ufetubus
 15282 | Lair:3   | Found a transporter.
 15282 | Lair:3   | XOM: 1-stop teleportation journey
 15284 | Lair:3   | Noticed BigAl98's ghost (journeyman FoFi)
 15300 | Lair:3   | XOM: cast spell 'Dispersal'
 15307 | Lair:3   | XOM: fog
 15311 | Lair:3   | XOM: cleaving
 15315 | Lair:3   | XOM: scenery: 1 doors open
 15409 | Lair:3   | XOM: summons friendly chaos spawn
 15458 | Lair:3   | XOM: polymorph water moccasin -> komodo dragon
 15491 | Lair:3   | XOM: scenery: create altars
 15518 | Lair:3   | XOM: divination: detect items
 15551 | Lair:3   | XOM: cast spell 'Summon Ice Beast'
 15634 | Lair:3   | XOM: chaos cloud
 15642 | Lair:3   | XOM: blink monster(s)
 15646 | Lair:3   | XOM: 1-stop teleportation journey
 15702 | Lair:3   | XOM: smoke on damage
 15707 | Lair:3   | Reached skill level 10 in Shapeshifting
 15765 | Lair:3   | Found a transporter.
 15789 | Lair:3   | XOM: cleaving
 15808 | Lair:3   | XOM: polymorph blink frog -> river rat
 15948 | Lair:3   | XOM: destruction
 16319 | Lair:4   | XOM: scenery: create altars
 16341 | Lair:4   | XOM: summons friendly ufetubus
 16422 | Lair:4   | XOM: cleaving
 16449 | Lair:4   | Noticed Urug
 16461 | Lair:4   | XOM: divination: detect items
 16462 | Lair:4   | XOM: scenery: summon butterflies
 16467 | Lair:4   | XOM: noise
 16470 | Lair:4   | XOM: summons 2 friendly demons
 16472 | Lair:4   | Killed Urug
 16482 | Lair:4   | XOM: scenery: summon butterflies
 16483 | Lair:4   | Reached skill level 10 in Shields
 16499 | Lair:4   | XOM: polymorph butterfly -> jackal
 16563 | Lair:4   | XOM: swap monsters
 16576 | Lair:4   | XOM: cast spell 'Disjunction'
 16669 | Lair:4   | Reached XP level 14. HP: 157/157 MP: 18/18
 16687 | Lair:4   | XOM: confuse monster(s)
 16901 | Lair:4   | XOM: noise
 17277 | Lair:5   | Entered Level 5 of the Lair of Beasts
 17289 | Lair:5   | Found a viscous altar of Jiyva.
 17290 | Lair:5   | Found a staircase to the Slime Pits.
 17356 | Lair:5   | Found a gate leading to a gauntlet.
 17391 | Gauntlet | XOM: noise
 17391 | Gauntlet | Entered a Gauntlet
 17391 | Gauntlet | Found a transporter.
 17391 | Gauntlet | Found a transporter.
 17395 | Gauntlet | Found a transporter.
 17395 | Gauntlet | Found a transporter.
 17405 | Gauntlet | Found a transporter.
 17411 | Gauntlet | Found a large runed translucent door.
 17412 | Gauntlet | Found a large runed translucent door.
 17413 | Gauntlet | Noticed a reaper
 17413 | Gauntlet | XOM: give mutations
 17413 | Gauntlet | Lost mutation: You have hooves in place of feet. [Xom's
                  | mischief]
 17413 | Gauntlet | Lost mutation: Your muscles are very strong. (Str +8,
                  | Int/Dex -2) [Xom's mischief]
 17413 | Gauntlet | Lost mutation: Armour fits poorly on your strangely shaped
                  | body. [Xom's mischief]
 17414 | Gauntlet | Found a runed translucent gate.
 17415 | Gauntlet | Found a transporter.
 17415 | Gauntlet | Found a transporter.
 17415 | Gauntlet | Found a runed translucent gate.
 17416 | Gauntlet | Found a runed translucent gate.
 17418 | Gauntlet | Found a large runed translucent door.
 17419 | Gauntlet | Found a large runed translucent door.
 17431 | Gauntlet | Found a large runed translucent door.
 17431 | Gauntlet | Found a large runed translucent door.
 17432 | Gauntlet | Found a large runed translucent door.
 17432 | Gauntlet | Found a large runed translucent door.
 17439 | Gauntlet | Found a transporter.
 17439 | Gauntlet | Found the +0 mask of the Dragon {Will+ Slay+3 SInv}
 17442 | Gauntlet | Found a large runed translucent door.
 17442 | Gauntlet | Found a large runed translucent door.
 17442 | Gauntlet | Found a runed translucent door.
 17442 | Gauntlet | Found a runed translucent door.
 17443 | Gauntlet | Found a large runed translucent door.
 17444 | Gauntlet | Found a large runed translucent door.
 17446 | Gauntlet | Found a transporter.
 17474 | Gauntlet | Found a transporter.
 17496 | Gauntlet | Found a transporter.
 17542 | Gauntlet | Found a transporter.
 17564 | Gauntlet | Found a transporter.
 17571 | Gauntlet | Found a transporter.
 17659 | Gauntlet | Found a transporter.
 17680 | Gauntlet | Found a transporter.
 17691 | Gauntlet | Found a large runed translucent door.
 17692 | Gauntlet | Found a large runed translucent door.
 17693 | Gauntlet | Found a large runed translucent door.
 17694 | Gauntlet | Found a large runed translucent door.
 17775 | Gauntlet | Reached skill level 15 in Fighting
 17789 | Gauntlet | Got The Fundamentals of Thaumaturgy
 17830 | Gauntlet | Identified the +5 quarterstaff of Righteous Anger {holy,
                  | rElec Int+4}
 17934 | Gauntlet | XOM: silly message
 17937 | Gauntlet | Killed a reaper
 17942 | Gauntlet | Identified the +2 pair of gloves of Minor Irritation {rF++
                  | Dex-5}
 18193 | Lair:5   | XOM: noise
 18362 | Lair:5   | XOM: polymorph harpy -> wind drake
 18604 | Lair:5   | XOM: silly message
 18741 | Lair:5   | XOM: confuse monster(s)
 18753 | Lair:5   | Reached skill level 16 in Fighting
 18893 | Lair:5   | XOM: cast spell 'Summon Mana Viper'
 18913 | Lair:5   | Identified a scroll of acquirement
 18934 | Lair:5   | Acquired a manual of Shapeshifting
 19334 | Lair:5   | XOM: give mutations
 19334 | Lair:5   | Gained mutation: Your body sometimes deteriorates upon
                  | taking damage. [Xom's mischief]
 19334 | Lair:5   | Gained mutation: Your magical capacity is low. (-10% MP)
                  | [Xom's mischief]
 19334 | Lair:5   | Lost mutation: You are somewhat resistant to further
                  | mutation. [Xom's mischief]
 19334 | Lair:5   | Lost mutation: You have hoof-like feet. [Xom's mischief]
 19512 | Lair:5   | XOM: silly message
 19745 | Lair:5   | XOM: fake destruction
 19796 | Lair:5   | XOM: divination: detect creatures
 19940 | D:12     | Noticed Maurice
 19944 | D:12     | Maurice stole a maw talisman
 19945 | D:12     | Killed Maurice
 19949 | D:12     | Noticed Snorg
 19949 | D:12     | XOM: summons 4 friendly demons
 19957 | D:12     | Killed Snorg
 20057 | D:12     | XOM: god gift: book of Storms
 20200 | D:12     | Learned a level 3 spell: Ozocubu's Armour
 20321 | D:12     | XOM: silly message
 20335 | D:12     | Reached skill level 1 in Ice Magic
 20441 | D:12     | Reached XP level 15. HP: 84/170 MP: 12/17
 20713 | D:12     | XOM: smoke on damage
 20791 | D:12     | XOM is BORED!
 20791 | D:12     | XOM: silly message
 20842 | D:12     | XOM: silly message
 20846 | D:12     | Found a shimmering blue altar of Sif Muna.
 20988 | D:13     | XOM: noise
 21263 | D:13     | XOM: silly message
 21300 | D:13     | XOM: potion effect (brilliance)
 21307 | D:13     | XOM: silly message
 21313 | D:13     | XOM: potion effect (brilliance)
 21625 | D:13     | XOM: silly message
 21635 | D:13     | XOM: potion effect (brilliance)
 21991 | D:13     | Found a gate to the Vaults.
 21995 | D:13     | XOM: confuse monster(s)
 22162 | D:13     | XOM: cloud trail
 22294 | D:13     | Reached skill level 5 in Spellcasting
 22642 | D:14     | Reached skill level 5 in Ice Magic
 22667 | D:14     | XOM: divination: detect creatures
 22735 | D:14     | XOM: potion effect (might)
 22865 | D:14     | XOM: smoke on damage
 22872 | D:14     | XOM: divination: detect items
 22884 | D:14     | Reached skill level 17 in Fighting
 22922 | D:14     | XOM: 2-stop teleportation journey
 23009 | D:14     | XOM: give mutations
 23009 | D:14     | Lost mutation: Your magical capacity is low. (-10% MP)
                  | [Xom's mischief]
 23009 | D:14     | Gained mutation: Your body often deteriorates upon taking
                  | damage. [Xom's mischief]
 23009 | D:14     | Gained mutation: You occasionally lose the ability to drink
                  | potions when taking damage. [Xom's mischief]
 23009 | D:14     | Gained mutation: Your mind is acute. (Int +4, Str/Dex -1)
                  | [Xom's mischief]
 23369 | D:14     | XOM: swap monsters
 23401 | D:14     | XOM: enchant monster (bad)
 23473 | D:14     | Noticed a frost giant
 23577 | D:14     | Killed a frost giant
 23675 | D:14     | XOM: silly message
 23685 | D:14     | XOM: give mutations
 23685 | D:14     | Gained mutation: Your magical capacity is low. (-10% MP)
                  | [Xom's mischief]
 23685 | D:14     | Gained mutation: Your mind is very acute. (Int +8, Str/Dex
                  | -2) [Xom's mischief]
 23685 | D:14     | Lost mutation: Your muscles are strong. (Str +4, Int/Dex
                  | -1) [Xom's mischief]
 24131 | D:15     | Entered Level 15 of the Dungeon
 24215 | D:15     | XOM: polymorph slime creature -> fire dragon
 24222 | D:15     | XOM: potion effect (heal wounds)
 24416 | D:15     | Found a staircase to the Depths.
 24686 | D:15     | XOM: noise
 24700 | D:15     | XOM: silly message
 24708 | D:15     | XOM: polymorph boulder beetle -> unseen horror
 24726 | D:15     | XOM: enchant monster (good)
 24736 | D:15     | XOM: confuse monster(s)
 24737 | D:15     | Reached XP level 16. HP: 78/185 MP: 21/21
 24741 | D:15     | Reached skill level 18 in Fighting
 24954 | D:15     | XOM: torment (94/185 hp)
 24987 | D:15     | XOM: 3-stop teleportation journey
 24988 | D:15     | XOM: enchant monster (bad)
 24996 | D:15     | XOM: confuse monster(s)
 25219 | D:15     | Noticed Kirke
 25232 | D:15     | Killed Kirke
 25233 | D:15     | XOM: blink monster(s)
 25241 | D:15     | XOM: polymorph human -> redback
 25260 | D:15     | XOM: noise
 25456 | D:15     | XOM: divination: magic mapping
 25469 | D:15     | XOM: silly message
 25490 | D:15     | XOM: silly message
 25505 | D:15     | Reached skill level 19 in Fighting
 25539 | D:15     | an iron troll changed into a caustic shrike
 25539 | D:15     | Noticed a caustic shrike
 25539 | D:15     | XOM: polymorph iron troll -> caustic shrike
 25896 | D:15     | XOM: enchant monster (bad)
 25929 | D:15     | XOM: cast spell 'Discord'
 26022 | D:15     | XOM: 2-stop teleportation journey
 26397 | D:15     | Killed a caustic shrike
 26476 | D:15     | Found the ring of the Tortoise {AC+8}
 26800 | Orc:1    | Entered Level 1 of the Orcish Mines
 26804 | Orc:1    | XOM: chaos upgrade
 26807 | Orc:1    | XOM: enchant monster (bad)
 26831 | Orc:1    | Noticed Jorgrun
 26844 | Orc:1    | Killed Jorgrun
 26845 | Orc:1    | Reached skill level 20 in Fighting
 26998 | Orc:1    | Found a runed translucent door.
 26998 | Orc:1    | Noticed PanSaczeczos's ghost (journeyman MfSh)
 27065 | Orc:1    | XOM: give mutation
 27065 | Orc:1    | Lost mutation: You have large cloven feet. [Xom's mischief]
 27098 | Orc:1    | XOM: scenery: 1 fountains blood, 1 doors open
 27129 | Orc:1    | Killed PanSaczeczos's ghost
 27177 | Orc:1    | XOM: summons 4 hostile shadow creatures
 27220 | Orc:1    | Noticed Erica
 27229 | Orc:1    | Killed Erica
 27350 | Orc:2    | Entered Level 2 of the Orcish Mines
 27351 | Orc:2    | Found a staircase to the Elven Halls.
 27552 | Orc:2    | XOM is BORED!
 27552 | Orc:2    | XOM: 1-stop teleportation journey
 27852 | Orc:2    | Found Tarhoad's General Store.
 27861 | Orc:2    | XOM: blink monster(s)
 27904 | Orc:2    | Found Poapadd's Magic Scroll Boutique.
 27924 | Orc:2    | XOM: confusion
 28135 | Orc:2    | Reached skill level 15 in Shapeshifting
 28150 | Orc:2    | Bought a potion of heal wounds for 85 gold pieces
 28173 | Orc:2    | XOM: polymorph orc high priest -> shapeshifter
 28212 | Orc:2    | XOM: silly message
 28327 | Orc:2    | XOM: cleaving
 28345 | Orc:2    | XOM: cleaving
 28535 | Orc:2    | XOM: divination: magic mapping
 28667 | Orc:2    | Found Josok's Antique Armour Shoppe.
 28667 | Orc:2    | Found Laemnarr's Book Emporium.
 28668 | Orc:2    | Found a one-way gate leading to the halls of Pandemonium.
 28705 | Orc:2    | Bought the +1 cloak of Agnosticism {Rampage rPois rF+
                  | Dex+2} for 542 gold pieces
 28836 | Orc:2    | XOM is BORED!
 29136 | Swamp:1  | Entered Level 1 of the Swamp
 29136 | Swamp:1  | Noticed Josephine
 29150 | Swamp:1  | Killed Josephine
 29492 | Swamp:1  | Reached XP level 17. HP: 185/200 MP: 22/22
 29647 | Swamp:1  | XOM: confusion (+ monsters)
 29976 | Swamp:1  | XOM: fog
 30044 | Swamp:1  | XOM: summons 3 hostile shadow creatures
 30432 | Swamp:1  | XOM: give mutation
 30432 | Swamp:1  | Gained mutation: Your flesh is cold resistant. (rC+) [Xom's
                  | grace]
 30716 | Swamp:2  | XOM: 2-stop teleportation journey
 30824 | Swamp:2  | XOM: silly message
 30919 | Swamp:2  | XOM: scenery: summon butterflies
 31265 | Swamp:2  | XOM: give mutations
 31265 | Swamp:2  | Gained mutation: You are partially covered in iridescent
                  | scales. (AC +2) [Xom's grace]
 31265 | Swamp:2  | Gained mutation: You have a somewhat thin skeletal
                  | structure. (Dex +2, Stealth+) [Xom's grace]
 31265 | Swamp:2  | Gained mutation: Your flesh is heat resistant. (rF+) [Xom's
                  | grace]
 31480 | Swamp:3  | XOM: summons 2 friendly demons
 31833 | Swamp:3  | XOM: cast spell 'Summon Ice Beast'
 31838 | Swamp:3  | Reached skill level 21 in Fighting
 32118 | Swamp:3  | XOM: noise
 32278 | Swamp:4  | Entered Level 4 of the Swamp
 32324 | Swamp:4  | XOM: potion effect (magic)
 32329 | Swamp:4  | XOM: butterfly on damage
 32583 | Swamp:3  | XOM: silly message
 32691 | Swamp:4  | XOM: silly message
 32705 | Swamp:4  | Reached skill level 22 in Fighting
 32706 | Swamp:4  | XOM: silly message
 32972 | Swamp:4  | XOM: silly message
 32996 | Swamp:4  | XOM: silly message
 33037 | Swamp:4  | Reached skill level 5 in Evocations
 33058 | Swamp:4  | XOM: fog
 33084 | Swamp:4  | XOM: give mutations
 33084 | Swamp:4  | Gained mutation: Your spells are a little harder to cast,
                  | but a little more powerful. [Xom's grace]
 33084 | Swamp:4  | Lost mutation: Your magical capacity is low. (-10% MP)
                  | [Xom's grace]
 33084 | Swamp:4  | Gained mutation: Your system is resistant to poisons.
                  | (rPois) [Xom's grace]
 33243 | Swamp:4  | XOM: potion effect (brilliance)
 33262 | Swamp:4  | Found a sparkling altar of Nemelex Xobeh.
 33367 | Swamp:4  | XOM: destruction
 33381 | Swamp:4  | XOM: potion effect (brilliance)
 33392 | Swamp:4  | XOM: scenery: create altars
 33443 | Swamp:4  | XOM: confusion
 33462 | Swamp:4  | XOM: polymorph swamp drake -> endoplasm
 33471 | Swamp:4  | Reached XP level 18. HP: 99/217 MP: 25/25
 33473 | Swamp:4  | XOM: enchant monster (good)
 33476 | Swamp:4  | XOM: scenery: summon butterflies
 33556 | Swamp:4  | XOM: 6-stop teleportation journey
 33677 | Swamp:4  | XOM: enchant monster (good)
 33798 | Swamp:4  | Paralysed by a hornet for 3 turns
 33800 | Swamp:4  | XOM: summons 2 friendly demons
 33819 | Swamp:4  | XOM: polymorph crimson imp -> hellwing
 34309 | Swamp:4  | Found a basalt altar of Yredelemnul.
 34324 | Swamp:4  | Got a decaying rune of Zot
 34522 | Swamp:4  | XOM is BORED!
 34539 | Swamp:4  | XOM: potion effect (berserk rage)
 34610 | Swamp:4  | XOM: divination: detect creatures
 34612 | Swamp:4  | XOM: polymorph hornet -> river rat
 34630 | Swamp:4  | XOM: enchant monster (good)
 34633 | Swamp:4  | Found a blossoming altar of Fedhas.
 34738 | Swamp:4  | XOM: god gift: book of Annihilations
 34739 | Swamp:4  | XOM: potion effect (haste)
 34913 | Swamp:2  | XOM: give mutations
 34913 | Swamp:2  | Gained mutation: You are agile. (Dex +4, Str/Int -1) [Xom's
                  | grace]
 34913 | Swamp:2  | Gained mutation: You have hidden genetic potential. [Xom's
                  | grace]
 34913 | Swamp:2  | Gained mutation: You have a pair of horns on your head.
                  | [Xom's grace]
 34913 | Swamp:2  | Gained mutation: You are very agile. (Dex +8, Str/Int -2)
                  | [Xom's grace]
 34992 | Spider:1 | Entered Level 1 of the Spider Nest
 35053 | Spider:1 | Identified the serpent talisman "Unaom" {Will+ Dex+3}
 35053 | Spider:1 | Noticed Aizul
 35059 | Spider:1 | XOM: divination: detect creatures
 35063 | Spider:1 | XOM: god gift: 2 javelins
 35074 | Spider:1 | Killed Aizul
 35078 | Spider:1 | XOM: destruction
 35141 | Spider:1 | XOM: 2-stop teleportation journey
 35254 | Spider:1 | Noticed Louise
 35277 | Spider:1 | Killed Louise
 35304 | Spider:1 | XOM: god gift: scroll of summoning
 35343 | Spider:1 | XOM: fog
 35506 | Spider:1 | XOM: fog
 35803 | Spider:1 | XOM: give mutations
 35803 | Spider:1 | Gained mutation: Your muscles are strong. (Str +4, Int/Dex
                  | -1) [Xom's grace]
 35803 | Spider:1 | Gained mutation: You are robust. (+10% HP) [Xom's grace]
 35804 | Spider:1 | Learned a level 3 spell: Fugue of the Fallen
 35878 | Spider:1 | XOM: divination: detect items
 35893 | Spider:1 | Reached skill level 1 in Necromancy
 35900 | Spider:1 | XOM: scenery: summon butterflies
 35912 | Spider:1 | XOM: enchant monster (good)
 35917 | Spider:1 | XOM: confuse monster(s)
 35972 | Spider:1 | XOM: silly message
 36146 | Spider:2 | XOM: swap monsters
 36167 | Spider:2 | Found a frozen archway.
 36270 | Spider:2 | XOM: 1-stop teleportation journey
 36271 | Spider:2 | XOM: polymorph redback -> shapeshifter
 36280 | IceCv    | Entered an ice cave
 36585 | IceCv    | XOM: torment (102/239 hp)
 36588 | IceCv    | XOM: blink monster(s)
 36611 | IceCv    | XOM: give mutations
 36611 | IceCv    | Lost mutation: Your system is resistant to poisons. (rPois)
                  | [Xom's mischief]
 36611 | IceCv    | Lost mutation: You are partially covered in iridescent
                  | scales. (AC +2) [Xom's mischief]
 36611 | IceCv    | Lost mutation: Your flesh is cold resistant. (rC+) [Xom's
                  | mischief]
 36622 | IceCv    | XOM: give mutations
 36622 | IceCv    | Lost mutation: Your flesh is heat resistant. (rF+) [Xom's
                  | mischief]
 36622 | IceCv    | Lost mutation: You are very agile. (Dex +8, Str/Int -2)
                  | [Xom's mischief]
 37033 | IceCv    | XOM: confuse monster(s)
 37292 | IceCv    | XOM: god gift: rapier {god gift}
 37457 | IceCv    | Reached skill level 5 in Necromancy
 37682 | IceCv    | XOM: give mutations
 37682 | IceCv    | Gained mutation: Your spells are harder to cast, but more
                  | powerful. [Xom's grace]
 37682 | IceCv    | Gained mutation: You possess an exceptional clarity of
                  | mind. [Xom's grace]
 37827 | Spider:2 | XOM: cleaving
 37908 | Spider:2 | XOM: enchant monster (bad)
 37911 | Spider:2 | XOM: polymorph sun moth -> spriggan
 37926 | Spider:2 | XOM: summons 2 friendly demons
 37944 | Spider:2 | Reached XP level 19. HP: 211/248 MP: 26/26
 37998 | Spider:2 | XOM: give mutations
 37998 | Spider:2 | Lost mutation: You have a somewhat thin skeletal structure.
                  | (Dex +2, Stealth+) [Xom's mischief]
 37998 | Spider:2 | Lost mutation: You are robust. (+10% HP) [Xom's mischief]
 37998 | Spider:2 | Lost mutation: You are agile. (Dex +4, Str/Int -1) [Xom's
                  | mischief]
 38035 | Spider:2 | XOM: silly message
 38107 | Spider:2 | XOM: give mutations
 38107 | Spider:2 | Gained mutation: Your spells are much harder to cast, but
                  | much more powerful. [Xom's grace]
 38107 | Spider:2 | Gained mutation: You passively dampen the noise of your
                  | surroundings. [Xom's grace]
 38107 | Spider:2 | Gained mutation: You are robust. (+10% HP) [Xom's grace]
 38150 | Spider:2 | XOM is BORED!
 38190 | Spider:2 | Identified the +2 tower shield of Idealism {^Drain Str+8}
                  | (Xom gifted it to you on level 2 of the Spider Nest)
 38190 | Spider:2 | XOM: god gift: +2 tower shield of Idealism {^Drain Str+8}
 38317 | Spider:3 | XOM: cast spell 'Olgreb's Toxic Radiance'
 38692 | Orc:2    | Bought a book of Necromancy for 374 gold pieces
 38698 | Orc:2    | Learned a level 5 spell: Curse of Agony
 38923 | Spider:3 | XOM: enchant monster (good)
 39033 | Spider:3 | XOM: cast spell 'Summon Cactus Giant'
 39036 | Spider:3 | Gained mutation: You expend magic power (3 MP) to
                  | strengthen your wands. [hidden potential]
 39221 | Spider:3 | XOM: confuse monster(s)
 39265 | Spider:3 | XOM: noise
 39303 | Spider:3 | XOM: polymorph boulder beetle -> boulder beetle
 39312 | Spider:3 | XOM: blink monster(s)
 39477 | Spider:3 | Identified the +1 ring mail of the Invisible Hand {*Corrode
                  | rF+ Dex+3 Stlth+}
 39548 | Spider:3 | Reached skill level 5 in Dodging
 39632 | Spider:3 | XOM: silly message
 39775 | Spider:4 | Entered Level 4 of the Spider Nest
 39786 | Spider:4 | XOM: potion effect (might)
 39799 | Spider:4 | XOM: silly message
 39954 | Spider:4 | XOM: swap monsters
 39957 | Spider:4 | XOM: confuse monster(s)
 40123 | Spider:4 | XOM: 1-stop teleportation journey
 40414 | Spider:4 | XOM: give mutation
 40414 | Spider:4 | Lost mutation: You have a pair of horns on your head.
                  | [Xom's mischief]
 40528 | Spider:4 | XOM: stat loss: -1 Dex (6/7)
 40620 | Spider:4 | XOM: summons 1 hostile demon
 40709 | Spider:4 | XOM: summons 1 hostile demon
 40742 | Spider:4 | XOM: 3-stop teleportation journey
 40764 | Spider:4 | XOM: draining
 40795 | Spider:4 | XOM: noise
 40797 | Spider:4 | Reached skill level 10 in Necromancy
 40828 | Spider:4 | Learned a level 4 spell: Animate Dead
 40848 | Spider:4 | XOM: blink monster(s)
 40912 | Spider:4 | XOM: enchant monster (good)
 40932 | Spider:4 | XOM: fog
 40966 | Spider:4 | Identified the +2 pair of gloves of Misanthropy {*Slow
                  | rElec rC+ Dex+2 Slay+5}
 40978 | Spider:4 | Got a gossamer rune of Zot
 41097 | Spider:4 | XOM: god gift: +0 eveningstar of chaos
 41116 | Spider:4 | Acquired 877 gold pieces
 41147 | Spider:4 | XOM: scenery: create altars
 41446 | D:8      | XOM: divination: detect items
 41490 | Elf:1    | Entered Level 1 of the Elven Halls
 41521 | Elf:1    | Found a runed translucent gate.
 41522 | Elf:1    | Found a runed translucent gate.
 41522 | Elf:1    | Found a runed translucent gate.
 41525 | Elf:1    | Noticed Gorgor's ghost (journeyman MiFi)
 41526 | Elf:1    | XOM: scenery: 3 doors open, 1 doors close
 41555 | Elf:1    | XOM: potion effect (haste)
 41560 | Elf:1    | XOM: confuse monster(s)
 41566 | Elf:1    | XOM: scenery: 1 doors open, 1 doors close
 41568 | Elf:1    | XOM: confuse monster(s)
 41580 | Elf:1    | Killed Gorgor's ghost
 41595 | Elf:1    | Reached XP level 20. HP: 262/262 MP: 29/29
 41993 | Elf:1    | Reached skill level 1 in Throwing
 42042 | Elf:1    | You fall into a shaft and drop 1 floor!
 42042 | Elf:2    | Found a huge runed translucent gate.
 42042 | Elf:2    | Found a huge runed translucent gate.
 42042 | Elf:2    | Found a huge runed translucent gate.
 42042 | Elf:2    | Found a huge runed translucent gate.
 42045 | Elf:2    | Found a huge runed translucent gate.
 42116 | Elf:2    | Gained mutation: You have an increased reservoir of magic.
                  | (+10% MP) [hidden potential]
 42116 | Elf:2    | Lost mutation: You have hidden genetic potential. [hidden
                  | potential expressed]
 42152 | Elf:2    | XOM: enchant monster (good)
 42160 | Elf:2    | Reached skill level 5 in Throwing
 42235 | Elf:2    | XOM: blink monster(s)
 42393 | Elf:2    | XOM: cast spell 'Dispersal'
 42459 | Elf:2    | XOM: silly message
 42472 | Elf:2    | Found Xoniney's Book Emporium.
 42592 | Elf:2    | Found a magical portal.
 42596 | WizLab   | Entered Lehudib's Moon Base
 42620 | WizLab   | XOM: silly message
 42647 | WizLab   | XOM: enchant monster (bad)
 42979 | WizLab   | XOM: noise
 43113 | WizLab   | XOM: 2-stop teleportation journey
 43161 | WizLab   | Reached skill level 10 in Throwing
 43170 | WizLab   | Identified the amulet "Rehaysaw" {Faith rElec}
 43172 | WizLab   | XOM: noise
 43330 | WizLab   | Found a transporter.
 43344 | WizLab   | XOM: cast spell 'Summon Ice Beast'
 43388 | WizLab   | XOM: polymorph brown very ugly thing -> white very ugly
                  | thing
 43390 | WizLab   | XOM: blink monster(s)
 43441 | WizLab   | Found a transporter.
 43441 | WizLab   | Found the amulet of the Air {Inacc Air Fly rElec RMsl}
 43622 | WizLab   | XOM: silly message
 43695 | WizLab   | Paralysed by accursed screaming for 2 turns
 43701 | WizLab   | Paralysed by accursed screaming for 1 turns
 43721 | WizLab   | XOM: swap monsters
 43828 | WizLab   | Identified the amulet "Yrimech" {Faith rPois Int+4 Dex-2}
 43871 | WizLab   | Got Lehudib's Information on the Variable Anticline
 44052 | Elf:2    | XOM: give mutations
 44052 | Elf:2    | Lost mutation: You passively dampen the noise of your
                  | surroundings. [Xom's mischief]
 44052 | Elf:2    | Lost mutation: You are robust. (+10% HP) [Xom's mischief]
 44052 | Elf:2    | Gained mutation: You are robust. (+10% HP) [Xom's mischief]
 44052 | Elf:2    | Lost mutation: You are robust. (+10% HP) [Xom's mischief]
 44085 | Elf:2    | XOM: enchant monster (bad)
 44098 | Elf:2    | Reached XP level 21. HP: 157/247 MP: 18/33
 44110 | Elf:2    | XOM: potion effect (might)
 44112 | Elf:2    | XOM: smoke on damage
 44343 | Elf:2    | XOM: silly message
 44408 | Elf:2    | XOM: silly message
 44410 | Elf:2    | XOM: cloud trail
 44546 | Elf:2    | XOM: potion effect (magic)
 44552 | Elf:2    | XOM: enchant monster (bad)
 44876 | Elf:1    | Found an iron altar of Okawaru.
 44888 | Elf:1    | Identified the +1 robe of Pantheism {rPois}
 44892 | Elf:1    | Got the Atlas of Blows
 44950 | Elf:1    | Reached skill level 23 in Fighting
 45129 | Vaults:1 | Entered Level 1 of the Vaults
 45141 | Vaults:1 | Found Eruroink's Distillery.
 45161 | Vaults:1 | Bought a potion of ambrosia for 112 gold pieces
 45221 | Vaults:1 | XOM: swap monsters
 45318 | Vaults:1 | a vault warden changed into a golden dragon
 45318 | Vaults:1 | Noticed a golden dragon
 45318 | Vaults:1 | XOM: polymorph vault warden -> golden dragon
 45322 | Vaults:1 | XOM: noise
 45326 | Vaults:1 | Killed a golden dragon
 45330 | Vaults:1 | XOM: enchant monster (bad)
 45364 | Vaults:1 | XOM: torment (56/252 hp)
 45379 | Vaults:1 | XOM: noise
 45391 | Vaults:1 | Reached skill level 24 in Fighting
 45662 | Vaults:1 | XOM: torment (128/253 hp)
 45860 | Vaults:1 | XOM: polymorph ironbound preserver -> stone giant
 45974 | Vaults:1 | XOM: chaos upgrade
 45979 | Vaults:1 | XOM: blink monster(s)
 45980 | Vaults:1 | XOM: stat loss: -1 Str (39/40)
 45983 | Vaults:1 | XOM: blink monster(s)
 46005 | Vaults:1 | XOM: chaos upgrade
 46007 | Vaults:1 | XOM: 1-stop teleportation journey
 46099 | Vaults:1 | XOM: noise
 46281 | Vaults:1 | XOM: give mutations
 46281 | Vaults:1 | Lost mutation: Your spells are much harder to cast, but
                  | much more powerful. [Xom's mischief]
 46281 | Vaults:1 | Lost mutation: Your spells are harder to cast, but more
                  | powerful. [Xom's mischief]
 46281 | Vaults:1 | Lost mutation: Your body often deteriorates upon taking
                  | damage. [Xom's mischief]
 46281 | Vaults:1 | Gained mutation: Your flesh is cold resistant. (rC+) [Xom's
                  | mischief]
 46378 | Vaults:1 | Acquired a manual of Evocations
 46380 | Vaults:1 | Acquired 1064 gold pieces
 46382 | Vaults:1 | Acquired the +10 eveningstar "Fupheule" {elec, *Rage rPois
                  | rF+ rN+}
 46991 | Vaults:2 | Noticed Asterion
 47006 | Vaults:2 | XOM: divination: detect items
 47010 | Vaults:2 | Killed Asterion
 47021 | Vaults:2 | Reached skill level 15 in Maces & Flails
 47026 | Vaults:1 | XOM: god gift: scintillating steel ring {god gift}
 47026 | Vaults:1 | Identified the ring of Aleziumu {rC+ Will- Dex+3 Slay+6}
                  | (Xom gifted it to you on level 1 of the Vaults)
 47094 | Vaults:1 | XOM: give mutations
 47094 | Vaults:1 | Gained mutation: You have large cloven feet. [Xom's grace]
 47094 | Vaults:1 | Gained mutation: Your spells are harder to cast, but more
                  | powerful. [Xom's grace]
 47094 | Vaults:1 | Gained mutation: You are robust. (+10% HP) [Xom's grace]
 47094 | Vaults:1 | Gained mutation: You have hoof-like feet. [Xom's grace]
 47260 | Vaults:2 | XOM: summons 3 hostile shadow creatures
 47493 | Vaults:1 | XOM: give mutations
 47493 | Vaults:1 | Lost mutation: You expend magic power (3 MP) to strengthen
                  | your wands. [Xom's mischief]
 47493 | Vaults:1 | Lost mutation: You possess an exceptional clarity of mind.
                  | [Xom's mischief]
 47493 | Vaults:1 | Gained mutation: You have hidden genetic defects. [Xom's
                  | mischief]
 47493 | Vaults:1 | Gained mutation: Armour fits poorly on your strangely
                  | shaped body. [Xom's mischief]
 47533 | Vaults:2 | XOM: draining
 47677 | Vaults:2 | Reached XP level 22. HP: 275/278 MP: 34/34
 47681 | Vaults:2 | Identified the +0 arbalest of Responsibility {heavy,
                  | Will+++ rCorr Str-4 Dex+3 Stlth-}
 47857 | Vaults:2 | XOM: summons 2 hostile demons
 47901 | Vaults:2 | Noticed Norris
 47906 | Vaults:2 | Killed Norris
 48001 | Vaults:2 | Lost mutation: You are robust. (+10% HP) [hidden defects]
 48163 | Vaults:3 | XOM: enchant monster (bad)
 48274 | Vaults:3 | Reached skill level 10 in Evocations
 48373 | Vaults:3 | XOM: summons 12 hostile demons
 48665 | Vaults:3 | Gained mutation: You sometimes lose your temper in combat.
                  | [hidden defects]
 48665 | Vaults:3 | Lost mutation: You have hidden genetic defects. [hidden
                  | defects expressed]
 48759 | Vaults:3 | XOM: confuse monster(s)
 48911 | Vaults:3 | XOM: confuse monster(s)
 48982 | Vaults:3 | Found Beskuwn's Armour Shop.
 49081 | Vaults:3 | You fall into a shaft and drop 1 floor!
 49148 | Vaults:4 | XOM: silly message
 49268 | Vaults:4 | Identified the orb "Ypsuv" {*channel, ^Contam rPois rN+
                  | Conj}
 49268 | Vaults:4 | Noticed Frederick
 49275 | Vaults:4 | Killed Frederick
 49342 | Vaults:4 | XOM: summons friendly crimson imp
 49601 | Vaults:4 | Found Xafioriv's Distillery.
 49604 | Vaults:4 | Bought a potion of curing for 69 gold pieces
 49604 | Vaults:4 | Bought a potion of might for 92 gold pieces
 49604 | Vaults:4 | Bought a potion of curing for 69 gold pieces
 49609 | Vaults:4 | Found Deqipean's Weapon Shoppe.
 49647 | Vaults:4 | Noticed Kamets Paeg's ghost (master HuCj)
 49647 | Vaults:4 | Noticed a dread lich
 49648 | Vaults:4 | Found a runed translucent gate.
 49648 | Vaults:4 | Found a runed translucent gate.
 49648 | Vaults:4 | Found a runed translucent gate.
 49648 | Vaults:4 | Found an ancient bone altar of Kikubaaqudgha.
 49648 | Vaults:4 | Noticed Nitziur's ghost (adept DrCj)
 49648 | Vaults:4 | Noticed Fubrub's ghost (veteran GnWr)
 49679 | Vaults:4 | Acquired 1228 gold pieces
 49702 | Vaults:4 | XOM: enchant monster (bad)
 49708 | Vaults:4 | Killed Fubrub's ghost
 49716 | Vaults:4 | Killed Kamets Paeg's ghost
 49717 | Vaults:4 | Reached skill level 10 in Dodging
 49720 | Vaults:4 | Killed a dread lich
 49726 | Vaults:4 | Killed Nitziur's ghost
 49732 | Vaults:4 | Identified the ring "Fecubeal" {Fire *Corrode rPois rN+}
 49834 | Vaults:4 | Reached XP level 23. HP: 271/271 MP: 35/35
 49907 | Vaults:4 | XOM: cleaving
 50295 | Vaults:1 | XOM: noise
 50650 | D:15     | XOM: silly message
 51085 | D:14     | XOM: divination: magic mapping
 51139 | Depths:1 | Entered Level 1 of the Depths
 51141 | Depths:1 | XOM: fog
 51175 | Depths:1 | XOM: silly message
 51240 | Depths:1 | Identified the +0 robe "Zenah" {Rampage Fly rPois rN+}
 51369 | Depths:1 | Found a one-way gateway to a ziggurat.
 51468 | Depths:1 | Found a gateway to Hell.
 51730 | Depths:2 | Identified the +0 pair of gloves of Xuhaaput {rPois Will+
                  | Str+6 Dex-5}
 51730 | Depths:2 | Noticed Nikola
 51739 | Depths:1 | Killed Nikola
 51768 | Depths:1 | XOM: draining
 51854 | Depths:2 | XOM: repel stairs
 51943 | Depths:2 | Reached skill level 15 in Throwing
 52015 | Depths:2 | XOM: polymorph iron troll -> bunyip
 52016 | Depths:2 | XOM: fake destruction
 52033 | Depths:2 | XOM: cast spell 'Summon Hydra'
 52055 | Depths:2 | XOM: summons friendly quasit
 52063 | Depths:2 | XOM: god gift: wand of roots (6)
 52284 | Depths:2 | XOM: 1-stop teleportation journey
 52340 | Depths:2 | XOM: divination: detect items
 52354 | Depths:1 | XOM: cloud trail
 52537 | Depths:2 | Found a one-way gate to the infinite horrors of the Abyss.
 52543 | Depths:2 | XOM: silly message
 52650 | Depths:2 | XOM: summons 8 friendly demons
 53057 | Depths:2 | Found a shadowy altar of Dithmenos.
 53322 | Depths:3 | Identified the +8 halberd "Xemi" {freeze, Will++}
 53343 | Depths:3 | XOM: cloud trail
 53566 | Depths:3 | Noticed a caustic shrike
 53571 | Depths:3 | Found a runed translucent door.
 53595 | Depths:3 | Killed a caustic shrike
 53618 | Depths:3 | Found a snail-covered altar of Cheibriados.
 53807 | Depths:3 | Reached skill level 15 in Shields
 53862 | Depths:3 | Found Ugaawemo's General Store.
 53938 | Depths:3 | XOM: chaos upgrade
 54037 | Depths:3 | XOM: torment (151/271 hp)
 54057 | Depths:3 | XOM: 2-stop teleportation journey
 54117 | Depths:3 | XOM: give mutations
 54117 | Depths:3 | Lost mutation: Your body sometimes deteriorates upon taking
                  | damage. [Xom's mischief]
 54117 | Depths:3 | Lost mutation: You have an increased reservoir of magic.
                  | (+10% MP) [Xom's mischief]
 54117 | Depths:3 | Lost mutation: You occasionally lose the ability to drink
                  | potions when taking damage. [Xom's mischief]
 54131 | Depths:3 | Noticed a golden dragon
 54150 | Depths:3 | XOM: enchant monster (bad)
 54157 | Depths:3 | Reached XP level 24. HP: 170/282 MP: 32/32
 54283 | Abyss:4  | XOM: stealth player
 54283 | Abyss:4  | Found a corrupted altar of Lugonu.
 54283 | Abyss:4  | Cast into level 4 of the Abyss (Xom)
 54286 | Abyss:4  | Found a corrupted altar of Lugonu.
 54288 | Abyss:4  | Found a corrupted altar of Lugonu.
 54347 | Depths:3 | Escaped the Abyss
 54510 | Depths:3 | Identified the amulet of the Omega Point {Spirit rN+ Will+
                  | Str-4}
 54606 | Depths:3 | Noticed a juggernaut
 54761 | Depths:3 | XOM: silly message
 54876 | Depths:3 | XOM: summons 2 hostile demons
 55015 | Depths:3 | XOM: summons friendly quasit
 55022 | Depths:3 | XOM: noise
 55027 | Depths:3 | Reached skill level 1 in Armour
 55039 | Depths:3 | Killed a juggernaut
 55186 | Depths:3 | Got the Dissertation on Spellbinding
 55191 | Depths:3 | Identified the +7 storm dragon scales of the Parsimonious
                  | Slorg {-Cast ^Drain rElec Regen+ Slay+5}
 55215 | Depths:3 | Identified the +0 pair of boots of Inaction {Will- rCorr
                  | Str+3}
 55220 | Depths:3 | XOM: summons 1 hostile demon
 55470 | Depths:4 | Entered Level 4 of the Depths
 55498 | Depths:4 | XOM: noise
 55547 | Depths:4 | Noticed Sojobo
 55555 | Depths:4 | Killed Sojobo
 55556 | Depths:4 | Reached skill level 5 in Armour
 55619 | Depths:4 | Noticed a caustic shrike
 55619 | Depths:4 | Noticed a caustic shrike
 55620 | Depths:4 | Noticed a caustic shrike
 55620 | Depths:4 | Noticed a caustic shrike
 55621 | Depths:4 | XOM: confusion
 55621 | Depths:4 | Noticed a caustic shrike
 55629 | Depths:4 | XOM: divine lightning
 55632 | Depths:4 | Killed a caustic shrike
 55635 | Depths:4 | Killed a caustic shrike
 55636 | Depths:4 | Killed a caustic shrike
 55642 | Depths:4 | Killed a caustic shrike
 55643 | Depths:4 | Killed a caustic shrike
 56058 | Depths:4 | XOM: give mutations
 56058 | Depths:4 | Lost mutation: You sometimes lose your temper in combat.
                  | [Xom's mischief]
 56058 | Depths:4 | Lost mutation: Your flesh is cold resistant. (rC+) [Xom's
                  | mischief]
 56067 | Depths:4 | Noticed Xtahua
 56067 | Depths:4 | XOM: give mutation
 56067 | Depths:4 | Lost mutation: Your mind is very acute. (Int +8, Str/Dex
                  | -2) [Xom's mischief]
 56070 | Depths:4 | XOM: give mutations
 56070 | Depths:4 | Lost mutation: You have hoof-like feet. [Xom's mischief]
 56070 | Depths:4 | Gained mutation: You are partially covered in large bone
                  | plates. (SH +4) [Xom's mischief]
 56076 | Depths:4 | Killed Xtahua
 56311 | D:13     | XOM: give mutations
 56311 | D:13     | Gained mutation: You have an increased reservoir of magic.
                  | (+10% MP) [Xom's mischief]
 56311 | D:13     | Gained mutation: You occasionally lose the ability to read
                  | scrolls when taking damage. [Xom's mischief]
 56311 | D:13     | Gained mutation: You have hidden genetic defects. [Xom's
                  | mischief]
 56479 | Vaults:5 | Entered Level 5 of the Vaults
 56487 | Vaults:5 | XOM: confusion (+ monsters)
 56499 | Vaults:5 | Noticed an ancient lich
 56515 | Vaults:5 | XOM: enchant monster (bad)
 56522 | Vaults:5 | XOM: enchant monster (bad)
 56546 | Vaults:5 | Identified the ring "Nupefam" {rF+ EV+5 Dex+2}
 56648 | Vaults:5 | Identified the +8 lajatang of Ushyxteo {speed, rF+ Str+3
                  | Int+3}
 56708 | Vaults:5 | XOM: fog
 56713 | Vaults:5 | Noticed Margery
 56716 | Vaults:5 | Gained mutation: Your body sometimes deteriorates upon
                  | taking damage. [hidden defects]
 56724 | Vaults:5 | Killed an ancient lich
 56727 | Vaults:5 | XOM: confuse monster(s)
 56728 | Vaults:5 | XOM: confusion
 56729 | Vaults:5 | Reached skill level 10 in Armour
 56730 | Vaults:5 | XOM: noise
 56733 | Vaults:5 | Noticed a dread lich
 56751 | Vaults:5 | XOM: confusion
 56763 | Vaults:5 | XOM: divination: detect items
 56765 | Vaults:5 | XOM: summons 11 hostile demons
 56767 | Vaults:5 | XOM: 1-stop teleportation journey
 56773 | Vaults:5 | XOM: summons 7 hostile demons
 56795 | Vaults:5 | XOM: divination: detect items
 56800 | Vaults:5 | XOM: cast spell 'Death Channel'
 56803 | Vaults:5 | Reached XP level 25. HP: 116/281 MP: 35/35
 56845 | Vaults:5 | XOM: summons 4 friendly demons
 56848 | Vaults:5 | Killed a dread lich
 56856 | Vaults:5 | Lost mutation: Your spells are harder to cast, but more
                  | powerful. [hidden defects]
 56856 | Vaults:5 | Lost mutation: You have hidden genetic defects. [hidden
                  | defects expressed]
 57045 | Vaults:5 | XOM: enchant monster (good)
 57166 | Vaults:5 | Killed Margery
 57326 | Vaults:5 | XOM: potion effect (invisibility)
 57342 | Vaults:5 | XOM: polymorph vault guard -> death drake
 57346 | Vaults:5 | Identified the ring "Ofyuducui" {rF+ Int+6 Dex+3}
 57471 | Vaults:5 | XOM: silly message
 57514 | Vaults:5 | Identified the +10 war axe "Fieky" {pain, rC+}
 57603 | Vaults:5 | XOM: divination: detect creatures
 57712 | Vaults:5 | Noticed an ancient lich
 57718 | Vaults:5 | Killed an ancient lich
 57800 | Vaults:4 | XOM: silly message
 57936 | Vaults:5 | Gained mutation: You sometimes lose the ability to read
                  | scrolls when taking damage. [a shining eye]
 57943 | Vaults:5 | XOM: silly message
 58346 | Vaults:5 | Identified the staff of Crusades {rElec rF+ Str+2 Fire}
 58358 | Vaults:5 | Got Fiedag's Catalogue of the Underground Sixfirhy
 58358 | Vaults:5 | XOM: silly message
 58531 | Vaults:5 | Got a silver rune of Zot
 58896 | Vaults:5 | XOM: god gift: 51 gold pieces
 59343 | Depths:4 | Noticed Vv
 59352 | Depths:4 | Killed Vv
 59601 | Depths:3 | XOM: cloud trail
 59730 | Depths:4 | XOM: blink monster(s)
 59757 | Depths:4 | Found a gate to the Realm of Zot.
 60098 | Zot:1    | Entered Level 1 of the Realm of Zot
 60108 | Zot:1    | Noticed an orb of fire
 60112 | Zot:1    | XOM: polymorph purple draconian -> tyrant leech
 60115 | Zot:1    | Gained mutation: Your health recovers twice as slowly from
                  | being drained. [an orb of fire]
 60116 | Zot:1    | Killed an orb of fire
 60147 | Zot:1    | XOM: divination: detect items
 60452 | Zot:1    | XOM: give mutations
 60452 | Zot:1    | Gained mutation: You expend magic power (3 MP) to
                  | strengthen your wands. [Xom's grace]
 60452 | Zot:1    | Gained mutation: Your muscles are very strong. (Str +8,
                  | Int/Dex -2) [Xom's grace]
 60884 | Zot:1    | XOM: scenery: create altars
 61100 | Zot:1    | XOM: 1-stop teleportation journey
 61189 | Zot:1    | Reached XP level 26. HP: 267/293 MP: 35/35
 61225 | Zot:1    | Noticed an orb of fire
 61229 | Zot:1    | XOM: fog
 61233 | Zot:1    | Killed an orb of fire
 61293 | Zot:1    | XOM: scenery: create altars
 61300 | Zot:1    | XOM: enchant monster (good)
 61550 | Zot:1    | XOM: give mutations
 61550 | Zot:1    | Lost mutation: You have large cloven feet. [Xom's grace]
 61550 | Zot:1    | Gained mutation: You have sharp toenails. [Xom's grace]
 61550 | Zot:1    | Gained mutation: Your flesh is heat resistant. (rF+) [Xom's
                  | grace]
 61550 | Zot:1    | Gained mutation: You are agile. (Dex +4, Str/Int -1) [Xom's
                  | grace]
 61919 | Zot:2    | Identified the +9 sling "Fawuimi" {antimagic, Dex+6}
 61951 | Zot:2    | XOM: silly message
 61962 | Zot:2    | XOM: enchant monster (bad)
 61969 | Zot:2    | XOM: 10-stop teleportation journey
 61987 | Zot:2    | XOM: stat loss: -1 Dex (10/11)
 61988 | Zot:2    | XOM: swap monsters
 62265 | Zot:2    | XOM: swap monsters
 62369 | Zot:2    | XOM: scenery: create altars
 62564 | Zot:2    | XOM: butterfly on damage
 62582 | Zot:2    | XOM: divination: detect items
 62779 | Zot:2    | XOM: noise
 62806 | Zot:2    | XOM: summons friendly white imp
 62879 | Zot:2    | XOM: smoke on damage
 63081 | Zot:2    | XOM: scenery: create altars
 63192 | Zot:1    | XOM: give mutations
 63192 | Zot:1    | Gained mutation: Your movements are slightly less
                  | encumbered by armour. (ER -2) [Xom's grace]
 63192 | Zot:1    | Gained mutation: You have a considerably increased
                  | reservoir of magic. (+20% MP) [Xom's grace]
 63192 | Zot:1    | Gained mutation: You are very agile. (Dex +8, Str/Int -2)
                  | [Xom's grace]
 63250 | Zot:2    | XOM: 3-stop teleportation journey
 63352 | Zot:2    | XOM: scenery: create altars
 63371 | Zot:2    | XOM: stat loss: -1 Dex (14/15)
 63703 | Zot:2    | XOM: noise
 63853 | Zot:2    | XOM: silly message
 63862 | Zot:3    | XOM: noise
 64152 | Zot:3    | XOM: confuse monster(s)
 64189 | Zot:3    | XOM: divination: detect creatures
 64553 | Zot:3    | XOM: god gift: 2 large rocks
 64631 | Zot:3    | XOM: scenery: create altars
 64700 | Zot:4    | Noticed a Killer Klown
 64711 | Zot:4    | Killed a Killer Klown
 64729 | Zot:4    | XOM: enchant monster (good)
 64730 | Zot:4    | XOM: cast spell 'Summon Dragon'
 65113 | Zot:4    | XOM: cloud trail
 65123 | Zot:4    | XOM: destruction
 65128 | Zot:4    | XOM: potion effect (brilliance)
 65964 | Zot:4    | XOM: god gift: leather armour {god gift}
 65986 | Zot:4    | XOM: god gift: amulet of magic regeneration
 66108 | Zot:4    | XOM: scenery: 1 doors open
 66220 | Zot:5    | Entered Level 5 of the Realm of Zot
 66243 | Zot:5    | XOM: 2-stop teleportation journey
 66523 | Zot:5    | Reached XP level 27. HP: 309/309 MP: 38/38
 66727 | Zot:5    | XOM: enchant monster (good)
 66765 | Zot:5    | Noticed a dread lich
 66771 | Zot:5    | XOM: summons friendly crimson imp
 66776 | Zot:5    | Killed a dread lich
 66777 | Zot:5    | Reached skill level 15 in Armour
 66780 | Zot:5    | Noticed an ancient lich
 66799 | Zot:5    | Killed an ancient lich
 66802 | Zot:5    | XOM: god gift: wand of quicksilver (6)
 66803 | Zot:5    | XOM: enchant monster (good)
 66803 | Zot:5    | Noticed an orb of fire
 66806 | Zot:5    | Noticed an orb of fire
 66806 | Zot:5    | Noticed an orb of fire
 66806 | Zot:5    | Noticed an orb of fire
 66813 | Zot:5    | Noticed an orb of fire
 66813 | Zot:5    | Noticed an orb of fire
 66813 | Zot:5    | Noticed an ancient lich
 66813 | Zot:5    | Noticed a dread lich
 66824 | Zot:5    | HP: 7/309 [electric golem/bolt of lightning (22)]
 66824 | Zot:5    | Killed from afar by an electric golem

Illustrated notes

Levels and vault maps discovered:
D:1:      wander_arrival_desolate, layout_loops_ring, serial_shops,
          nicolae_shop_statue_plus
D:2:      minmay_door_path, layout_basic, basic_altar, minmay_tetromino_s2
D:3:      layout_loops_cross
D:4:      layout_basic, nicolae_ossuary_entry_catacombs, serial_shops,
          nicolae_shop_behind_doors
D:5:      layout_layer_cave, minmay_temple_entry_offerings
D:6:      layout_loops_cross, uniq_jeremiah, uniq_prince_ribbit1
D:7:      layout_layer_cave
D:8:      layout_rooms, mainiacjoe_overflow_two_lobes,
          nicolae_overflow_hidden_temple, erik_lair_orcish_takeover,
          ebering_ghost_funeral_grove
D:9:      layout_long_grid, orc_david_3, enter_bailey_2, serial_rivers,
          chequers_serial_rivers_room_b, chequers_serial_rivers_small_b,
          chequers_serial_rivers_room_a, chequers_serial_rivers_room_b,
          chequers_serial_rivers_small_3, gammafunk_ghost_smash,
          kennysheep_cross_bottleneck, uniq_pikel
D:10:     layout_rooms, serial_shops, nicolae_stop_n_shop_2, minivault_26,
          uniq_grum
D:11:     nicolae_cairo_tiling, layout_rooms, worms_lemuel
D:12:     layout_irregular_city, serial_demonic, serial_demonic_d,
          serial_demonic_a, serial_demonic_b, serial_demonic_g,
          hellmonk_sif_muna_bookshelves, uniq_snorg, uniq_maurice
D:13:     layout_stronghold, grunt_vaults_entry_tiered
D:14:     layout_grid_maze, minmay_evil_grid
D:15:     grunt_enter_depths_snipers, layout_loops_ring,
          minmay_guarded_unrand_tortoise, uniq_kirke
Lair:1:   layout_chaotic_city, minmay_stone_trees_small, nzn_sisyphean_effort,
          infiniplex_staircase_pool_2, uniq_amaemon, uniq_gastronok, uniq_harold
Lair:2:   layout_long_grid, mainiacjoe_swamp_entry_lozenge_pond, st_stairs_10,
          chequers_serial_rivers_small_a, chequers_serial_rivers_micro_b
Lair:3:   layout_roguey, spider_nest_entry_rubble,
          gammafunk_ghost_berserking_beasts, eino_small_chamber_without_monster
Lair:4:   layout_regular_city, st_stairs_10, grunt_megastairs_4, uniq_urug
Lair:5:   gammafunk_lair_ancient_temple, layout_cave_pods, slime_entry_1,
          gauntlet_entry_generic, nicolae_lair_run_with_the_wolves,
          serial_bayou_shore_a
Swamp:1:  layout_basic_swamp, nicolae_swamp_bean_lake, uniq_josephine
Swamp:2:  layout_basic_swamp, nicolae_swamp_dense_foliage
Swamp:3:  layout_falls_marsh, nicolae_swamp_very_dense_foliage, swamp_pool_4
Swamp:4:  byrel_swamp_growth_death_and_undeath, layout_basic_swamp,
          swamp_pool_4, lemuel_altar_in_water
Spider:1: nicolae_spider_hilbert_zone_3 [nicolae_spider_hilbert_4_sides_2_open,
          nicolae_spider_hilbert_3_sides_1_open,
          nicolae_spider_hilbert_3_sides_1_open,
          nicolae_spider_hilbert_3_sides_1_open,
          nicolae_spider_hilbert_3_sides_1_open,
          nicolae_spider_hilbert_4_sides_1_open,
          nicolae_spider_hilbert_4_sides_1_open,
          nicolae_spider_hilbert_4_sides_1_open,
          nicolae_spider_hilbert_4_sides_1_open,
          nicolae_spider_hilbert_4_sides_1_open,
          nicolae_spider_hilbert_4_sides_1_open,
          nicolae_spider_hilbert_4_sides_1_open,
          nicolae_spider_hilbert_4_sides_1_open,
          nicolae_spider_hilbert_3_sides_1_open,
          nicolae_spider_hilbert_3_sides_1_open,
          nicolae_spider_hilbert_3_sides_1_open,
          nicolae_spider_hilbert_3_sides_1_open], uniq_louise, uniq_mlioglotl,
          uniq_aizul
Spider:2: layout_spider_delve, portal_ice_cave_entry_ice_simulacra
Spider:3: layout_spider_delve, nicolae_spider_jagged_tunnels
Spider:4: spider_rune_water
Orc:1:    layout_caves, hellmonk_ghost_happy_afterlife, uniq_jorgrun, uniq_erica
Orc:2:    pf_orc_diabolical, layout_caves
Elf:1:    layout_gridlike, gammafunk_ghost_fury_of_okawaru,
          hangedman_corner_corridor, hangedman_decor_cross_pass
Elf:2:    elven_hall_of_blades_hangedman_alternative
          [mumra_blade_entry_bloodbath], layout_loops_corners,
          mu_enter_wizlab_7, serial_glass, glass_columns_a, glass_columns_a,
          glass_columns_c, glass_columns_b, glass_columns_a, glass_columns_a,
          glass_columns_a, glass_columns_b, glass_columns_a, glass_columns_a,
          glass_columns_b, glass_columns_c, glass_columns_a, glass_columns_a,
          serial_shops, nicolae_shop_advertising_works
          [nicolae_subvault_shop_adworks], abandoned_shop
Vaults:1: hangedman_vaults_nails, ontoclasm_vaults_bender,
          nicolae_vaults_border_crossing, ontoclasm_vaults_loading_screen,
          vaults_mumra_minichess, vaults_room_boxed, v_alt_pattern_3,
          vaults_room_fancy_cross, nicolae_vaults_tetromino_L_2,
          nicolae_vaults_wrenched, nicolae_vaults_storage_closets_3,
          vaults_room_semicircle, nicolae_vaults_diamond_2, v_alt_pattern_4,
          layout_vaults_ring, serial_shops,
          nicolae_shop_competitors_out_of_business, serial_glass
Vaults:2: nicolae_vaults_variable_pillar_hall, v_misc_23, v_misc_3,
          nicolae_vaults_tetromino_T_2, grunt_vaults_focal,
          nicolae_vaults_little_squares_4, nicolae_vaults_storage_room_statues,
          nicolae_vaults_wine_cellar, vaults_room_door_hall,
          nicolae_vaults_cochlea, hangedman_vaults_locks, vaults_mumra_chevron,
          nicolae_vaults_variable_pillar_hall, nicolae_vaults_more_shelving_2,
          v_misc_27, nicolae_vaults_trapezoid_lopsided_1,
          vaults_dpeg_emergency_exit, layout_vaults_omnicross, uniq_asterion,
          uniq_norris
Vaults:3: nicolae_vaults_surprise_closet,
          nicolae_vaults_taking_the_gang_shopping, vaults_dpeg_doors,
          grunt_vaults_diagonal, hangedman_vaults_corner,
          nicolae_vaults_closet_pinwheel_5, hangedman_vaults_nodes, v_misc_27,
          nicolae_vaults_offset_grid_hallway_2, minmay_crypt_entry_simple_walls,
          nicolae_vaults_oval_intersection, layout_vaults_omnibox
Vaults:4: gammafunk_ghost_crypt, v_misc_25, ontoclasm_vaults_hangar, v_misc_17,
          ontoclasm_vaults_water_temple, nicolae_vaults_trapezoid_lopsided_1,
          ontoclasm_vaults_gateway, v_misc_2, layout_vaults_omnigrid,
          serial_shops, nicolae_shop_window_shopping,
          nicolae_shop_tiny_statue_garden, uniq_frederick
Vaults:5: serial_shops, uniq_margery
Depths:1: layout_forbidden_donut, enter_ziggurat_a, minmay_misc_feat_diagonals,
          pf_hell_entry_great_geh, minmay_misc_feat_roman,
          kennysheep_windowed_goal
Depths:2: regret_index_dithmenos_penumbral_divide, layout_cave_pools,
          grunt_pan_entry_sceptre, hell_entry, minmay_room_of_horrors,
          minmay_holes, minmay_misc_feat_ornament, uniq_nikola
Depths:3: minmay_the_grid_triangle_9x9_recursive_3
          [minmay_the_grid_triangle_9x9_corruption,
          minmay_the_grid_triangle_9x9_skeleton,
          minmay_the_grid_triangle_9x9_alien,
          minmay_the_grid_triangle_9x9_prize_schism,
          minmay_the_grid_triangle_9x9_swiss_cheese,
          minmay_the_grid_triangle_9x9_intruding_spiral,
          minmay_the_grid_triangle_9x9_subtriangle,
          minmay_the_grid_triangle_9x9_descending_squares,
          minmay_the_grid_triangle_9x9_dagger], layout_honeycomb,
          pf_hell_entry_tar_river, serial_shops,
          nicolae_shop_tiny_real_fake_doors, cheibriados_altar_2, serial_rivers,
          chequers_serial_rivers_large_b, chequers_serial_rivers_small_3,
          chequers_serial_rivers_large_a, chequers_serial_rivers_small_a,
          abyss_entry, minivault_16, chequers_decorated_corner
Depths:4: evilmike_zot_entry_argh, layout_honeycomb, hell_entry, nrook_campfire,
          uniq_sojobo, uniq_xtahua, uniq_vv
Zot:1:    layout_misc_corridors, uniq_josephina
Zot:2:    layout_misc_corridors, regret_index_zotdec_silver_v_v_loose,
          uniq_grunn
Zot:3:    layout_misc_corridors, grunt_megastairs_5
Zot:4:    layout_cathedral_of_symmetry, grunt_megastairs_2
Zot:5:    layout_cathedral_of_symmetry

Skill      XL: |  1  2  3  4  5  6  7  8  9 10 11 12 13 14 15 16 17 18 19 20 21 22 23 24 25 26 27 |
---------------+----------------------------------------------------------------------------------+-----
Fighting       | 5 6 8 9 10 11 13 14 16 17 20 22 24 | 24.0
Maces & Flails | 5 6 9 12 14 15 16 | 16.0
Shields        | 4 5 6 10 11 12 14 15 | 15.5
Spellcasting   | 2 3 5 6 |  6.0
Shapeshifting  | 5 8 10 14 15 17 18 21 23 | 23.0
Evocations     | 2 4 6 8 12 | 12.0
Ice Magic      | 1 8 |  8.0
Necromancy     | 6 10 11 | 11.0
Dodging        | 6 10 11 | 11.0
Throwing       | 11 13 16 | 16.0
Armour         | 10 14 15 | 15.6

Action                     |  1- 3 |  4- 6 |  7- 9 | 10-12 | 13-15 | 16-18 | 19-21 | 22-24 | 25-27 || total
---------------------------+-------+-------+-------+-------+-------+-------+-------+-------+-------++-------
  Melee: Mace              |    52 |       |       |       |       |       |       |       |       ||    52
         Headbutt          |     7 |    29 |    93 |    91 |   200 |   472 |   388 |   234 |   210 ||  1724
         Short sword       |    13 |    16 |       |       |       |       |       |       |       ||    29
         Quarterstaff      |       |   173 |   109 |       |       |       |       |       |       ||   282
         Kick              |       |    42 |    52 |   105 |   336 |    82 |    13 |   377 |   321 ||  1328
         Flail             |       |       |   304 |    11 |       |       |       |       |       ||   315
         Punch             |       |       |     1 |       |       |       |       |       |       ||     1
         Morningstar       |       |       |       |   221 |       |       |       |       |       ||   221
         Dire flail        |       |       |       |   161 |       |       |       |       |       ||   161
         Bite              |       |       |       |    26 |       |       |       |       |       ||    26
         Unarmed           |       |       |       |    28 |       |       |       |       |       ||    28
         Demon whip        |       |       |       |   110 |   955 |  1640 |  1175 |       |       ||  3880
         Maw               |       |       |       |       |   226 |   681 |   505 |   289 |   123 ||  1824
         Eveningstar       |       |       |       |       |       |       |    98 |   793 |   644 ||  1535
  Throw: Dart              |       |       |       |     6 |       |       |       |       |       ||     6
         Large rock        |       |       |       |       |       |       |       |     7 |   101 ||   108
   Cast: Ozocubu's Armour  |       |       |       |       |     1 |    34 |     6 |       |       ||    41
         Fugue of the Fall |       |       |       |       |       |     1 |    24 |     7 |       ||    32
         Animate Dead      |       |       |       |       |       |       |     5 |     1 |       ||     6
  Evoke: Wand              |       |       |       |     4 |     2 |     8 |       |       |     1 ||    15
         Phantom mirror    |       |       |       |       |     1 |     1 |       |       |       ||     2
         Box of beasts     |       |       |       |       |     1 |       |       |       |       ||     1
         Phial of floods   |       |       |       |       |     1 |       |       |       |       ||     1
         Condenser vane    |       |       |       |       |       |     1 |     1 |       |       ||     2
    Use: Potion            |       |     1 |    14 |     5 |     2 |       |     1 |    14 |     5 ||    42
         Scroll            |       |     6 |     4 |     7 |    12 |     5 |     7 |    11 |    20 ||    72
   Stab: Sleeping          |     1 |     1 |     1 |       |       |     4 |       |       |       ||     7
         Distracted        |       |       |     2 |     2 |       |     1 |     2 |     1 |       ||     8
         Invisible         |       |       |       |     8 |     2 |       |       |       |     2 ||    12
         Confused          |       |       |       |     5 |     2 |     4 |     3 |     1 |     3 ||    18
         Petrified         |       |       |       |     2 |       |       |       |       |       ||     2
         Paralysed         |       |       |       |       |       |     1 |     1 |       |       ||     2
         Petrifying        |       |       |       |       |       |     1 |       |       |       ||     1
 Armour: Robe              |    53 |   114 |   362 |   165 |   138 |       |       |       |       ||   832
         Skin              |       |       |       |    91 |   332 |   705 |   395 |   393 |   238 ||  2154
         Acid dragon scale |       |       |       |   130 |       |       |       |       |       ||   130
         Gold dragon scale |       |       |       |       |       |       |       |       |   162 ||   162
  Dodge: Dodged            |    33 |    78 |   126 |   145 |   179 |   306 |   233 |   115 |   103 ||  1318
  Block: Tower shield      |       |       |   225 |   247 |   595 |  1360 |  1004 |   707 |   646 ||  4784
         Reflection        |       |       |       |       |    21 |    19 |    84 |    39 |    25 ||   188
   Form: Maw               |       |       |       |       |     2 |       |     1 |       |       ||     3
                           |       |       |       |       |     1 |       |     1 |       |     1 ||     3
         Death             |       |       |       |       |       |       |       |       |     2 ||     2

Table legend: (Time is in decaauts)
 A = Elapsed time spent in this place.
 B = Non-inter-level travel time spent in this place.
 C = Inter-level travel time spent in this place.
 D = Time resting spent in this place.
 E = Time spent auto-exploring this place.
 F = Levels seen in this place.
 G = Mean time per level.
                   A        B        C        D        E       F      G
               +--------+--------+--------+--------+--------+-----+--------+
         Total |  66163 |  61533 |   4630 |  19297 |  26509 |  52 | 1272.4 |
       Dungeon |  19533 |  17451 |   2082 |   4803 |   8297 |  15 | 1302.2 |
          Lair |   6663 |   6035 |    628 |   1427 |   2897 |   5 | 1332.6 |
         Swamp |   5593 |   5495 |     98 |   2580 |   1593 |   4 | 1398.2 |
   Spider Nest |   4291 |   3878 |    413 |    618 |   1937 |   4 | 1072.8 |
  Orcish Mines |   2303 |   2021 |    282 |    551 |    853 |   2 | 1151.5 |
   Elven Halls |   2048 |   1982 |     66 |    287 |   1166 |   2 | 1024.0 |
        Vaults |   8208 |   7658 |    550 |   2398 |   3500 |   5 | 1641.6 |
        Depths |   6349 |   6016 |    333 |   2216 |   2627 |   4 | 1587.2 |
           Zot |   6507 |   6333 |    174 |   2614 |   2436 |   5 | 1301.4 |
         Abyss |     63 |     63 |      0 |      0 |     51 |   1 |   63.0 |
       Ossuary |    782 |    782 |      0 |    372 |    144 |   1 |  782.0 |
        Bailey |    398 |    398 |      0 |    332 |      3 |   1 |  398.0 |
      Ice Cave |   1455 |   1455 |      0 |    651 |    280 |   1 | 1455.0 |
        Wizlab |   1223 |   1223 |      0 |    239 |    437 |   1 | 1223.0 |
      Gauntlet |    740 |    740 |      0 |    206 |    287 |   1 |  740.0 |
               +--------+--------+--------+--------+--------+-----+--------+

Top non-repeatable levels by time:
Depths:3: 2704 daAuts
    D:14: 2337 daAuts
    D:15: 2239 daAuts
Vaults:5: 2235 daAuts
   Zot:1: 2175 daAuts
Vaults:1: 2045 daAuts
  Lair:5: 1748 daAuts
 Swamp:4: 1733 daAuts
    D:13: 1677 daAuts
  Lair:1: 1668 daAuts
   Orc:2: 1644 daAuts
Vaults:4: 1635 daAuts
 Swamp:3: 1573 daAuts
     D:9: 1559 daAuts
   Zot:4: 1536 daAuts
